 Dungeon Crawl Stone Soup version 0.26-a0-812-g31a745ddcd (webtiles) character file.

Game seed: 5369648912574932643

1299319 mattiecakes the Conqueror (level 27, -10/139 HPs)
             Began as a Gargoyle Fighter on Nov 13, 2020.
             Was the Champion of the Shining One.
             Killed by the air
             ... invoked by a blizzard demon
              (38 damage)
             ... in Pandemonium on Nov 14, 2020.
             The game lasted 04:52:57 (106386 turns).

mattiecakes the Conqueror (Gargoyle Fighter)      Turns: 106386, Time: 04:52:58

Health: -10/139    AC: 69    Str: 36 (37) XL:     27
Magic:  32/40      EV: 27    Int: 16      God:    the Shining One [******]
Gold:   13205      SH: 43    Dex: 22      Spells: 31/40 levels left

rFire    + + +     SeeInvis .   P - +9 broad axe (holy)
rCold    + + +     Faith    .   n - +8 tower shield {AC+3}
rNeg     + + +     Spirit   .   q - +12 gold dragon scales
rPois    ∞         Reflect  +   A - +1 hat of Fun and Games {Dex+4}
rElec    +         Harm     .   H - scarf {rC+ rF+}
rCorr    +         Rampage  .   b - +0 pair of fencer's gloves {Riposte Dex+3}
MR       +++++                  e - +2 pair of boots "Kengoi Jaic" {rF++ MR+++ Str+3 Dex-2}
Stlth    ..........             R - amulet of Untruth {Reflect rF+ Str-3 Dex+8 SH+5}
HPRegen  0.33/turn              V - ring of Xutuil {rC+ rN+ Str+6 Int+3 Dex+3}
MPRegen  0.27/turn              E - ring "Igeasa Hiam" {rElec rPois rF+ rCorr Dex-3}

@: about to teleport, flying, glowing, studying 4 skills
A: big wings, horns 1, blurry vision 2, clever 1, deterioration 1, frail 3,
negative energy resistance 1, screaming 1, electricity resistance, unbreathing,
evolution 2, petrification resistance, rot immunity, AC +20
}: 13/15 runes: decaying, serpentine, silver, iron, obsidian, icy, bone,
abyssal, demonic, glowing, magical, fiery, dark
a: Stop Flying, Divine Shield, Cleansing Flame, Summon Divine Warrior, Renounce
Religion


You were in Pandemonium.
You worshipped the Shining One.
The Shining One was exalted by your worship.
You visited 16 branches of the dungeon, and saw 86 of its levels.
You visited Pandemonium 3 times, and saw 37 of its levels.
You visited the Abyss 1 time.

You collected 17898 gold pieces.
You spent 4693 gold pieces at shops.

Inventory:

Hand Weapons
 K - the +7 lajatang of Order {silver, rMut}
   (You found it on level 3 of the Elven Halls)

   It protects you from mutation.
 P - a +9 broad axe of holy wrath (weapon)
Armour
 b - the +0 pair of fencer's gloves (worn) {Riposte Dex+3}
   (You found it on level 3 of the Elven Halls)

   It affects your dexterity (+3).
 e - the +2 pair of boots "Kengoi Jaic" (worn) {rF++ MR+++ Str+3 Dex-2}
   (Okawaru gifted it to you on level 15 of the Dungeon)

   It affects your strength (+3).
   It affects your dexterity (-2).
   It greatly protects you from fire.
   It affects your resistance to hostile enchantments.
 h - the +1 cloak "Xeqaamn" {*Drain Str+7 Stlth+}
   (You acquired it on level 3 of Gehenna)

   It affects your strength (+7).
   It causes draining when unequipped.
   It makes you more stealthy.
 n - a +8 tower shield of protection (worn)
 q - +12 gold dragon scales (worn)
 A - the +1 hat of Fun and Games (worn) {Dex+4}
   (Okawaru gifted it to you on level 4 of the Snake Pit)

   It affects your dexterity (+4).
 H - a scarf of resistance (worn)
Jewellery
 c - an uncursed amulet of the acrobat {unknown}
 i - the ring of Xom's Sleight of Hands {rC+++ rN+ Str+6 Int+3 Dex-2}
   (You found it in Pandemonium)

   [ring of strength]

   It affects your strength (+6).
   It affects your intelligence (+3).
   It affects your dexterity (-2).
   It renders you almost immune to cold.
   It protects you from negative energy.
 v - an uncursed ring of resist corrosion {unknown}
 E - the ring "Igeasa Hiam" (right hand) {rElec rPois rF+ rCorr Dex-3}
   (You bought it in a shop on level 1 of the Snake Pit)

   [ring of resist corrosion]

   It affects your dexterity (-3).
   It protects you from fire.
   It insulates you from electricity.
   It protects you from poison.
   It provides partial protection from all sources of acid and corrosion.
 R - the amulet of Untruth (around neck) {Reflect rF+ Str-3 Dex+8 SH+5}
   (You found it on level 7 of Gehenna)

   [amulet of reflection]

   It shields you and reflects attacks.
   It affects your strength (-3).
   It affects your dexterity (+8).
   It protects you from fire.
   It affects your SH (+5).
 V - the ring of Xutuil (left hand) {rC+ rN+ Str+6 Int+3 Dex+3}
   (You took it off a draconian stormcaller on level 1 of the Realm of Zot)

   [ring of strength]

   It affects your strength (+6).
   It affects your intelligence (+3).
   It affects your dexterity (+3).
   It protects you from cold.
   It protects you from negative energy.
 Z - the ring "Joismuv" {AC+4 Str+6}
   (You bought it in a shop on level 1 of the Snake Pit)

   [ring of protection]

   It affects your AC (+4).
   It affects your strength (+6).
Wands
 f - a wand of paralysis (21)
 u - a wand of enslavement (11)
 D - a wand of iceblast (75)
 F - a wand of polymorph (9)
 I - a wand of disintegration (41)
 J - a wand of acid (77)
 M - a wand of digging (33)
 O - a wand of flame (134)
Scrolls
 l - a scroll of brand weapon
 m - 31 scrolls of remove curse
 o - 27 scrolls of identify
 p - 2 scrolls of silence
 w - 11 scrolls of fog
 y - 5 scrolls of fear
 L - 10 scrolls of magic mapping
 Q - 12 scrolls of enchant weapon
 S - a scroll of enchant armour
 W - 28 scrolls of teleportation
 X - 7 scrolls of holy word
Potions
 g - 5 potions of brilliance
 j - 20 potions of lignification
 k - a potion of magic
 r - 4 potions of resistance
 t - 16 potions of curing
 x - 10 potions of cancellation
 z - 6 potions of haste
 B - 13 potions of might
 C - 6 potions of ambrosia
 G - 2 potions of berserk rage
 Y - 5 potions of heal wounds
Books
 a - a manual of Short Blades
 d - a manual of Poison Magic
 s - a manual of Shields
 N - a manual of Slings
 T - a manual of Crossbows


   Skills:
 O Level 27 Fighting
 + Level 24.6 Axes
 - Level 17.9 Staves
 O Level 27 Armour
 + Level 24.7 Dodging
 O Level 27 Shields
 + Level 7.1 Spellcasting
 + Level 15.5 Earth Magic
 O Level 27 Invocations


You had 31 spell levels left.
You knew the following spells:

 Your Spells              Type           Power        Failure   Level
a - Shatter               Erth           ######....   100%        9

Your spell library contained the following spells:

 Spells                   Type           Power        Failure   Level
 Sandblast                Erth           ######       1%          1
 Lee's Rapid Deconstruct  Erth           ######....   2%          5
 Passwall                 Tmut/Erth      ####....     3%          2
 Stone Arrow              Conj/Erth      ####..       6%          3
 Leda's Liquefaction      Hex/Erth       ####......   21%         4
 Petrify                  Tmut/Erth      ####....     21%         4
 Animate Skeleton         Necr           #.....       45%         1
 Apportation              Tloc           #.....       45%         1
 Beastly Appendage        Tmut           #.....       45%         1
 Corona                   Hex            #......      45%         1
 Foxfire                  Conj/Fire      #...         45%         1
 Freeze                   Ice            #...         45%         1
 Magic Dart               Conj           #...         45%         1
 Pain                     Necr           #...         45%         1
 Summon Small Mammal      Summ           #...         45%         1
 Borgnjor's Vile Clutch   Necr/Erth      ####......   50%         5
 Blink                    Tloc           N/A          58%         2
 Call Imp                 Summ           #.......     58%         2
 Corpse Rot               Necr/Air       N/A          58%         2
 Ensorcelled Hibernation  Hex/Ice        #.....       58%         2
 Poisonous Vapours        Pois/Air       #.....       58%         2
 Searing Ray              Conj           #.....       58%         2
 Slow                     Hex            #.......     58%         2
 Swiftness                Air            #.......     58%         2
 Wereblood                Tmut           #.......     58%         2
 Call Canine Familiar     Summ           #.......     83%         3
 Confusing Touch          Hex            #.......     83%         3
 Conjure Flame            Conj/Fire      #.......     83%         3
 Dazzling Flash           Conj/Hex       #.....       83%         3
 Frozen Ramparts          Ice            #.....       83%         3
 Gell's Gravitas          Tloc           #.........   83%         3
 Ignite Poison            Fire/Tmut/Pois #.......     83%         3
 Inner Flame              Hex/Fire       #.......     83%         3
 Lesser Beckoning         Tloc           #.........   83%         3
 Mephitic Cloud           Conj/Pois/Air  #.......     83%         3
 Portal Projectile        Hex/Tloc       #.....       83%         3
 Spider Form              Tmut/Pois      #.........   83%         3
 Static Discharge         Conj/Air       #.......     83%         3
 Summon Guardian Golem    Hex/Summ       #.......     83%         3
 Teleport Other           Tloc           #.......     83%         3
 Tukima's Dance           Hex            #.......     83%         3
 Vampiric Draining        Necr           #.........   83%         3
 Bolt of Magma            Conj/Fire/Erth ###.......   86%         5
 Iron Shot                Conj/Erth      ####......   97%         6
 Animate Dead             Necr           #.........   99%         4
 Cause Fear               Hex            #.........   99%         4
 Dispel Undead            Necr           #.......     99%         4
 Fulminant Prism          Conj/Hex       #.........   99%         4
 Hailstorm                Conj/Ice       #.......     99%         4
 Ice Form                 Ice/Tmut       #.......     99%         4
 Iskenderun's Mystic Bla  Conj/Tloc      #.......     99%         4
 Passage of Golubria      Tloc           N/A          99%         4
 Sticky Flame             Conj/Fire      #.......     99%         4
 Summon Ice Beast         Ice/Summ       #.......     99%         4
 Summon Lightning Spire   Summ/Air       #.......     99%         4
 Agony                    Necr           #.......     100%        5
 Alistair's Intoxication  Tmut/Pois      #........    100%        5
 Blade Hands              Tmut           #.........   100%        5
 Excruciating Wounds      Necr           #.........   100%        5
 Fireball                 Conj/Fire      #.........   100%        5
 Irradiate                Conj/Tmut      #.........   100%        5
 Iskenderun's Battlesphe  Conj           #.......     100%        5
 Lightning Bolt           Conj/Air       #.........   100%        5
 Metabolic Englaciation   Hex/Ice        #.........   100%        5
 Silence                  Hex/Air        #.........   100%        5
 Summon Demon             Summ           #.........   100%        5
 Summon Forest            Summ/Tloc      #.........   100%        5
 Summon Mana Viper        Hex/Summ       #.......     100%        5
 Yara's Violent Unravell  Hex/Tmut       #.........   100%        5
 Conjure Ball Lightning   Conj/Air       #.........   100%        6
 Death Channel            Necr           #.........   100%        6
 Dispersal                Tloc           #.........   100%        6
 Eringya's Noxious Bog    Tmut/Pois      #.........   100%        6
 Freezing Cloud           Conj/Ice/Air   #.........   100%        6
 Hydra Form               Tmut           #.........   100%        6
 Invisibility             Hex            #.......     100%        6
 Ozocubu's Refrigeration  Ice            #.........   100%        6
 Shadow Creatures         Summ           N/A          100%        6
 Simulacrum               Ice/Necr       #.........   100%        6
 Dragon Form              Tmut           #.........   100%        7
 Haunt                    Necr/Summ      #.........   100%        7
 Orb of Destruction       Conj           #.........   100%        7
 Spellforged Servitor     Conj/Summ      #.........   100%        7
 Summon Hydra             Summ           #.........   100%        7
 Borgnjor's Revivificati  Necr           #.........   100%        8
 Chain Lightning          Conj/Air       #.........   100%        8
 Discord                  Hex            #.........   100%        8
 Disjunction              Tloc           #.........   100%        8
 Ignition                 Fire           #.........   100%        8
 Infestation              Necr           #.........   100%        8
 Lehudib's Crystal Spear  Conj/Erth      ####......   100%        8
 Necromutation            Tmut/Necr      #.........   100%        8
 Absolute Zero            Ice            #.........   100%        9
 Death's Door             Necr           #.........   100%        9
 Dragon's Call            Summ           #.........   100%        9
 Fire Storm               Conj/Fire      #.........   100%        9
 Tornado                  Air            #.........   100%        9
 Sublimation of Blood     Necr           Unusable     N/A         2
 Statue Form              Tmut/Erth      Unusable     N/A         6

Dungeon Overview and Level Annotations

Branches:
Dungeon (15/15)            Temple (0/1) D:5            Lair (6/6) D:10
  Swamp (4/4) Lair:2        Snake (4/4) Lair:3        Slime (5/5) Lair:5
    Orc (2/2) D:9             Elf (3/3) Orc:2        Vaults (5/5) D:13
  Crypt (3/3) Vaults:3       Tomb (0/3) Crypt:3      Depths (5/5) D:15
   Hell (visited)             Dis (7/7) Hell            Geh (7/7) Hell
    Coc (7/7) Hell            Tar (7/7) Hell            Zot (5/5) Depths:5

Altars:
Cheibriados
Dithmenos
Elyvilon
Fedhas
Gozag
Hepliaklqana
Kikubaaqudgha
Makhleb
Nemelex Xobeh
Okawaru
Ru
Wu Jian
Xom
Yredelemnul
Zin
The Shining One
Beogh

Shops:
Orc:2 !(==[   Elf:2 (   Snake:1 =}=   Snake:2 !   Vaults:5 !???!
Depths:3 (?:*[   Depths:4 [((   Depths:5 :*}

Portals:
Hell: Depths:1 Depths:2 Depths:3 Depths:4 Depths:5
Abyss: Depths:3 Depths:4 Depths:5
Pandemonium: Depths:3
Ziggurat: Depths:5
Trove: D:12 (give 13 potions of heal wounds)

Annotations:
Lair:2 exclusion: oklob plant
Slime:5 Royal Jelly
Pan exclusion: 5 ice statues


Innate Abilities, Weirdness & Mutations

You are resistant to torment.
Your stone body is resilient. (AC +20)
You are immune to poison.
Your large and strong wings let you fly indefinitely.
You resist negative energy. (rN+)
You are resistant to electric shocks. (rElec)
You can survive without breathing.
You are immune to petrification.
You are immune to rotting.
You have a pair of small horns on your head.
Scrolls take you longer to read.
Your mind is acute. (Int +2)
Your body sometimes deteriorates upon taking damage.
You are extremely frail. (-30% HP)
You occasionally shout uncontrollably at your foes.
You rapidly evolve.


Message History

The bolt of lightning hits the ice statue!
The ice statue resists.
The bolt of lightning misses you.
The ice statue glitters chillingly in the dim dungeon light.
The ice statue gestures at you.
The freezing blast engulfs you but does no damage.
The ice statue gestures.
You begin reading the scroll.
You continue reading the scroll.
You are engulfed in freezing vapours.
You resist.
* * * LOW HITPOINT WARNING * * *
As you read the scroll of teleportation, it crumbles to dust.
You feel strangely unstable.
Unknown command.
Unknown command.
Unknown command.
Unknown command.
You feel better.
You are engulfed in freezing vapours.
You resist. You block the ice beast's attack. x2
The blizzard demon waves its arms in wide circles.
The air twists around and violently strikes you in flight!!!
You die...

#....(..).......#
...#...............#
.....).....).......#
≈≈≈≈[.^.........$..#
####≈≈≈.........(....#
#≈≈##≈≈..............#
#.≈2##§○○......(.....#
#.)Y2#≈○○○☼○.........#
#[33&8☼YY@☼..........#
#..268○☼YY○....######
#..368☼≈≈......#
#..228≈≈≈.....)#
#..228≈≈≈......#
#..Y2#≈≈.#######
#.≈2##≈≈.. #≈≈##≈≈....
### ≈≈≈..##


You could see Calez, a gelid warmonger (icemail), 5 ice statues, 8 blizzard
demons, a gelid blood saint (fast, icemail), 2 sun demons, a smoke demon
(summoned) and 6 ice beasts.

Vanquished Creatures
  Cerebov (Pan)
  Antaeus (Coc:7)
  16 pandemonium lords (Pan)
  Gloorx Vloq (Pan)
  Mnoleg (Pan)
  Lom Lobon (Pan)
  The ghost of Ytolar the Conqueror, a legendary DsFi of Jiyva (Zot:4)
  Dispater (Dis:7)
  6 ancient liches
  The ghost of Posumaett the Wrestler, a legendary TrBe of Trog (Zot:3)
  Mennas (Vaults:4)
  4 orbs of fire
  The ghost of Latoum the Slayer, a master OgTm of Okawaru (Zot:4)
  3 greater mummies (Dis:2)
  A juggernaut (Depths:5)
  Boris (Crypt:3)
  2 Killer Klowns
  Bai Suzhen (Depths:2)
  7 shard shrikes
  Margery (Crypt:3)
  Saint Roka (Vaults:4)
  The ghost of Ishiah the Slayer, a master VSBe of Trog (Zot:4)
  4 curse toes
  Xtahua (Crypt:2)
  Geryon (Hell)
  20 golden dragons
  3 caustic shrikes (Depths:5)
  Jory (Depths:3)
  the Enchantress (Depths:5)
  A profane servitor (Crypt:3)
  10 bone dragons
  6 iron giants (Dis:7)
  21 Brimstone Fiends
  5 doom hounds
  A shard shrike zombie (Crypt:1)
  31 Tzitzimimeh
  2 electric golems
  Rupert (D:14)
  21 tentacled monstrosities
  6 liches
  26 Ice Fiends
  A hellephant (Pan)
  13 deep elf master archers
  19 Hell Sentinels
  Asterion (Vaults:2)
  8 deep elf blademasters
  11 quicksilver dragons
  7 Orb Guardians (Zot:5)
  16 titans
  12 ancient champions
  16 acid blobs
  Murray (Hell)
  4 tentacled starspawn (Abyss:3)
  16 death cobs
  45 Executioners
  Frances (Snake:1)
  2 sphinxes
  5 draconian monks
  12 shadow dragons
  2 eldritch tentacles (Pan)
  The ghost of Tuffe the Warrior, an adept FoFi of Okawaru (Snake:4)
  A thorn hunter (Swamp:1)
  2 revenants
  6 azure jellies
  9 nagarajas
  19 storm dragons
  9 tengu reavers
  17 fire giants
  8 deep elf sorcerers
  20 frost giants
  46 balrugs
  18 warmongers (Pan)
  10 iron dragons
  17 corrupters (Pan)
  4 ghost moths (Zot:2)
  2 orc warlords (Depths:1)
  6 draconian annihilators
  14 vault wardens
  7 draconian scorchers
  3 curse skulls
  37 cacodemons
  4 deep elf elementalists
  18 blood saints (Pan)
  A draconian shifter (Zot:1)
  3 spriggan defenders (Depths:5)
  A ghoul (Crypt:3)
  8 draconian stormcallers
  21 very ugly things
  20 war gargoyles
  An entropy weaver (Vaults:4)
  12 ironheart preservers
  26 stone giants
  3 caustic shrike skeletons
  3 elemental wellsprings
  9 green draconians
  72 reapers
  5 vampire knights
  11 purple draconians
  15 black draconians
  11 yellow draconians
  6 deep elf demonologists
  19 black suns (Pan)
  15 white draconians
  21 lorocyprocas
  5 spark wasps
  3 bunyips
  12 deep elf annihilators
  2 merfolk javelineers
  2 eidola
  13 red draconians
  22 green deaths (Pan)
  A crystal guardian (Vaults:2)
  34 blizzard demons
  2 eleionomae
  14 ettins
  A merfolk impaler (Depths:1)
  3 mummy priests
  12 fire dragons
  10 great orbs of eyes
  23 jiangshi
  4 death oozes (Slime:5)
  4 quicksilver dragon zombies
  19 yaktaur captains
  2 deep elf death magi
  7 rakshasas
  7 deep elf high priests
  A shambling mangrove (Swamp:4)
  32 vault guards
  21 ice dragons
  3 kraken zombies
  8 boulder beetles
  Fannar (D:10)
  7 naga warriors
  20 hydras
  2 juggernaut simulacra (Pan)
  A quicksilver dragon skeleton (Coc:3)
  4 spriggan air magi
  4 ghost crabs
  10 alligators
  2 satyrs (Abyss:3)
  11 hell beasts
  12 centaur warriors
  11 anacondas
  10 monstrous demonspawn (Pan)
  5 death yaks (Lair:4)
  20 hell hogs
  7 deep troll earth magi
  36 two-headed ogres
  9 death knights
  12 tengu warriors
  3 thrashing horrors
  17 ogre magi
  An alligator (shapeshifter) (Vaults:4)
  14 naga sharpshooters
  5 spriggan berserkers
  5 deep troll shamans
  4 orc high priests
  9 vampire magi
  4 titan zombies
  6 storm dragon zombies
  34 dancing weapons
  81 sun demons
  Urug (Lair:2)
  5 goliath frogs
  2 wretched stars (Abyss:3)
  Nergalle (D:12)
  A fire crab (shapeshifter) (Vaults:5)
  92 soul eaters
  6 shock serpents
  20 deep elf knights
  10 iron trolls
  4 iron golems (Dis:7)
  28 hell knights
  2 fire crabs (Swamp:4)
  40 sixfirhies
  131 skeletal warriors
  10 golden dragon zombies
  11 shadow wraiths
  A ghost moth zombie (Dis:4)
  3 storm dragon skeletons
  11 anaconda zombies
  A death drake (shapeshifter) (Vaults:5)
  2 salamander mystics (Snake:3)
  7 unseen horrors
  6 titan skeletons
  5 glowing orange brains
  47 shadow demons
  21 deep trolls
  6 wizards
  21 flayed ghosts
  A death drake (Tar:6)
  25 torturous demonspawn (Pan)
  13 gelid demonspawn (Pan)
  5 anaconda skeletons
  A kraken simulacrum (Hell)
  18 infernal demonspawn (Pan)
  A swamp dragon (shapeshifter) (D:15)
  A deep troll (shapeshifter) (Elf:3)
  14 deep elf archers
  23 ironbrand convokers
  2 bog bodies
  A wolf spider zombie (Geh:1)
  3 golden dragon skeletons
  2 naga ritualists
  6 swamp dragons
  3 shadow dragon zombies
  A lindwurm (Swamp:4)
  15 phantasmal warriors
  13 necromancers
  17 orc knights
  7 fire giant zombies
  4 iron dragon zombies
  2 orb spiders (shapeshifter)
  3 wolf spiders
  3 mana vipers (Snake:2)
  5 shining eyes
  2 shadow dragon skeletons
  6 frost giant zombies
  68 ugly things
  2 orc sorcerers
  5 will-o-the-wisps
  59 deep elf magi
  39 moths of wrath
  A salamander (shapeshifter) (Depths:1)
  2 worldbinders (Abyss:3)
  2 cyclopes
  3 elf zombies
  4 salamanders
  3 manticores
  9 stone giant zombies
  12 elephants
  2 titan simulacra (Coc:7)
  An elephant (shapeshifter) (Depths:5)
  4 dire elephant zombies
  2 iron dragon skeletons
  35 rust devils
  3 apocalypse crabs
  6 fire giant skeletons
  4 guardian serpents
  24 naga magi
  2 guardian serpents (shapeshifter)
  4 stone giant skeletons
  2 spriggan zombies
  Psyche (D:10)
  18 black mambas
  13 vault sentinels
  A shock serpent skeleton (Tar:6)
  5 molten gargoyles (Geh:7)
  A black mamba (shapeshifter) (Vaults:4)
  50 orange demons
  71 smoke demons
  2 kobold demonologists
  A dire elephant skeleton (Pan)
  3 frost giant skeletons
  A gargoyle (D:14)
  2 eyes of devastation (Slime:4)
  12 spectral swamp worms (Tar:7)
  2 emperor scorpion zombies
  2 cane toads (shapeshifter)
  2 torpor snails
  5 storm dragon simulacra (Coc:7)
  3 rime drakes
  16 cane toads
  2 yaktaur zombies
  3 catoblepas zombies
  A komodo dragon (shapeshifter) (Depths:5)
  A green draconian zombie (Crypt:2)
  A rime drake (shapeshifter) (Vaults:5)
  5 komodo dragons
  3 human zombies
  43 yaktaurs
  5 anaconda simulacra
  5 efreet
  32 hellions
  35 demonic crawlers
  9 guardian mummies
  52 tormentors
  A harpy zombie (Dis:7)
  A white draconian skeleton (Coc:7)
  36 freezing wraiths
  35 hellwings (Pan)
  28 ice devils
  15 hydra zombies
  3 ancient zymes (Abyss:3)
  55 red devils
  2 silent spectres (Tar:7)
  A yaktaur skeleton (Vaults:4)
  A queen bee (shapeshifter) (Vaults:4)
  A catoblepas skeleton (Geh:7)
  9 trolls
  A meliai (shapeshifter) (Vaults:1)
  8 tyrant leeches
  A yellow draconian skeleton (Pan)
  10 tengu conjurers
  A troll (shapeshifter) (Depths:1)
  2 merfolk
  A wind drake (shapeshifter) (Vaults:1)
  7 polar bears
  A wolf spider simulacrum (Hell)
  17 hornets
  A hornet (shapeshifter) (Vaults:3)
  17 blink frogs
  2 hydra skeletons
  4 ice dragon zombies
  4 raiju (Abyss:3)
  A slime creature (shapeshifter) (Vaults:1)
  5 fire dragon zombies
  12 ettin zombies
  83 slime creatures
  6 dream sheep (Lair:6)
  2 harpy skeletons
  5 alligator zombies
  2 human simulacra
  2 frost giant simulacra
  A deep troll zombie (Hell)
  50 ynoxinuls
  123 flying skulls
  A stone giant simulacrum (Tar:3)
  4 air elementals
  8 ettin skeletons
  2 redbacks (Vaults:4)
  A spriggan (shapeshifter) (Vaults:4)
  38 yaks
  25 shadows
  18 spriggans
  4 fire bats
  14 starcursed masses (Abyss:3)
  34 wraiths
  4 alligator skeletons
  14 water elementals
  2 hogs (Swamp:2)
  5 small abominations
  5 wyverns
  5 steam dragons
  A basilisk (shapeshifter) (Depths:4)
  5 golden eyes
  A human (shapeshifter) (Elf:3)
  A basilisk (Lair:3)
  5 fire dragon skeletons
  12 ice dragon skeletons
  15 fire elementals
  51 chaos spawn (Pan)
  84 large abominations
  A merfolk zombie (Dis:7)
  42 neqoxecs
  34 nagas
  An infernal demonspawn zombie (Crypt:2)
  9 wargs
  16 swamp worms
  An acid dragon (D:14)
  10 vampire mosquitoes
  A harpy simulacrum (Tar:7)
  9 cane toad zombies
  A monstrous demonspawn zombie (Crypt:1)
  A water nymph skeleton (Crypt:2)
  A floating eye (Slime:4)
  23 water moccasins
  61 hell hounds
  4 hydra simulacra (Coc:7)
  5 swamp drakes (Swamp:4)
  62 orc warriors
  2 cane toad skeletons
  3 black bears
  2 sky beasts
  2 snapping turtle zombies
  3 eyes of draining
  6 phantoms
  An alligator simulacrum (Hell)
  An ogre (shapeshifter) (Depths:3)
  A swamp drake (shapeshifter) (Vaults:5)
  14 ice beasts
  A tengu (shapeshifter) (Depths:1)
  A swamp dragon zombie (Coc:7)
  37 ogres
  14 boggarts
  17 necrophages
  21 wolves
  30 centaurs
  A manticore skeleton (Coc:7)
  5 snapping turtle skeletons
  13 big kobolds
  2 fire crab zombies (Crypt:1)
  A swamp dragon skeleton (Geh:7)
  17 bullfrogs
  A water moccasin zombie (D:9)
  A troll zombie (Geh:1)
  3 scorpions
  2 polar bear zombies (Crypt:1)
  59 wights
  A troll skeleton (Pan)
  5 electric eels
  5 howler monkeys
  10 crimson imps
  6 centaur zombies
  A bullfrog zombie (D:13)
  2 quasits
  6 lava snakes
  A wolf skeleton (Crypt:1)
  8 hounds
  9 jellies
  A bullfrog skeleton (D:13)
  27 orc priests
  38 iron imps
  6 centaur skeletons
  5 iguanas
  Terence (D:3)
  17 worker ants
  9 hell rats (Hell)
  28 orc wizards
  2 tengu zombies
  An ogre skeleton (Geh:4)
  4 mummies
  Robin (D:2)
  2 worker ant zombies (D:5)
  4 gnolls (D:8)
  20 adders
  10 shadow imps
  12 white imps
  2 ufetubi
  An ooze (D:2)
  An adder skeleton (D:5)
  An iguana skeleton (Crypt:2)
  A lava snake skeleton (Crypt:1)
  3 worms
  5 ball lightnings (Pan)
  2 dart slugs
  A leopard gecko (D:2)
  138 orcs
  9 ball pythons
  6 giant cockroaches
  16 goblins
  10 hobgoblins
  8 jackals
  39 kobolds
  6 quokkas
  9 bats
  3 frilled lizards
  7 kobold skeletons (D:10)
  12 kobold zombies
  A leopard gecko skeleton (Crypt:2)
  A leopard gecko zombie (D:6)
  A quokka skeleton (D:6)
  9 rats
  A crawling corpse (Elf:3)
  6 fire vortices
  3 starspawn tentacles (Abyss:3)
  8 tentacles
5012 creatures vanquished.

Vanquished Creatures (collateral kills)
  Asmodeus (Geh:7)
  Ereshkigal (Tar:7)
  3 pandemonium lords (Pan)
  Khufu (Crypt:3)
  A shard shrike (Coc:7)
  A bone dragon (Coc:7)
  2 Brimstone Fiends (Geh:7)
  2 liches
  A Tzitzimitl (Tar:7)
  A Hell Sentinel (Dis:7)
  A titan (Pan)
  2 quicksilver dragons (Dis:7)
  2 acid blobs
  An Executioner (Pan)
  A fire giant (Geh:7)
  2 warmongers (Pan)
  An azure jelly (Slime:5)
  5 balrugs
  An iron dragon (Dis:7)
  A cacodemon (Pan)
  2 war gargoyles (Dis:7)
  3 blizzard demons
  A quicksilver dragon zombie (Dis:7)
  A rakshasa (Pan)
  2 dancing weapons (Pan)
  2 hell hogs
  3 soul eaters (Pan)
  An iron troll (Dis:7)
  6 sun demons
  5 hell knights
  3 sixfirhies (Pan)
  2 shadow demons
  A necromancer (Geh:6)
  An iron dragon zombie (Coc:7)
  A rust devil (Dis:7)
  A smoke demon (Geh:7)
  A stone giant skeleton (Geh:6)
  A molten gargoyle (Geh:7)
  2 large abominations (Pan)
  4 hellions
  A freezing wraith (Coc:7)
  4 tormentors
  3 demonic crawlers (Pan)
  An efreet (Pan)
  An ice devil (Dis:7)
  A hellwing (Pan)
  A merfolk (Pan)
  13 red devils
  A hydra zombie (Coc:7)
  8 slime creatures
  3 wraiths (Geh:7)
  A fire dragon skeleton (Geh:7)
  4 flying skulls
  2 fire elementals (Geh:7)
  A ynoxinul (Pan)
  A chaos spawn (Pan)
  A neqoxec (Pan)
  A water moccasin (Lair:6)
  A hell hound (Dis:7)
  A swamp dragon zombie (Geh:7)
  A snapping turtle skeleton (Coc:7)
  A crimson imp (Geh:6)
  2 iron imps (Dis:7)
128 creatures vanquished.

Vanquished Creatures (others)
  A golden dragon (Zot:4)
  A deep elf blademaster (Elf:3)
  Kirke (Swamp:2)
  A fire giant (Depths:3)
  A draconian knight (Zot:2)
  2 ghost moths (Pan)
  A frost giant (Depths:4)
  A caustic shrike zombie (Hell)
  3 elemental wellsprings (Coc:7)
  A reaper (Pan)
  A corrupter (Pan)
  A yellow draconian (Zot:1)
  A deep elf annihilator (Elf:3)
  A lorocyproca (Pan)
  An eleionoma (Swamp:2)
  A red draconian (Zot:1)
  A blizzard demon (Pan)
  3 hydras
  A naga warrior (Snake:4)
  2 ogre magi
  A hell hog (Geh:7)
  A deep elf knight (Elf:3)
  A sun demon (Pan)
  A sixfirhy (Pan)
  A skeletal warrior (Coc:7)
  An infernal demonspawn (Pan)
  A torturous demonspawn (Pan)
  2 deep elf magi (Elf:2)
  A necromancer (Hell)
  A wizard (Vaults:1)
  A moth of wrath (Zot:3)
  A will-o-the-wisp (Swamp:2)
  2 orange demons (Pan)
  A smoke demon (Pan)
  A tormentor (Geh:1)
  4 bloated husks (Swamp:3)
  A shadow (Geh:6)
  A spriggan (Swamp:4)
  A fire elemental (Geh:7)
  A chaos spawn (Pan)
  4 swamp drakes (Swamp:4)
  An ogre (Vaults:5)
  18 ball lightnings (Pan)
  An orc (Vaults:5)
  A crawling corpse (Elf:3)
  23 foxfires
  20 fungi
  A lurking horror (Abyss:3)
  77 plants
  8 starspawn tentacles (Abyss:3)
  18 tentacles
  2 withered plants (Zot:3)
225 creatures vanquished.

Grand Total: 5365 creatures vanquished

Notes
Turn   | Place    | Note
-------+----------+-------------------------------------------
     0 | D:1      | mattiecakes the Gargoyle Fighter began the quest for the
                  | Orb.
     0 | D:1      | Reached XP level 1. HP: 14/14 MP: 1/1
   139 | D:1      | Reached XP level 2. HP: 18/19 MP: 2/2
   856 | D:2      | Reached XP level 3. HP: 23/23 MP: 3/3
   902 | D:2      | Noticed Robin
  1120 | D:2      | Killed Robin
  1145 | D:2      | Reached skill level 1 in Dodging
  1358 | D:2      | Reached XP level 4. HP: 22/29 MP: 4/4
  1932 | D:2      | Reached XP level 5. HP: 31/33 MP: 5/5
  2479 | D:3      | Found a basalt altar of Yredelemnul.
  2869 | D:3      | Noticed Terence
  2877 | D:3      | Killed Terence
  3216 | D:4      | Found an iron altar of Okawaru.
  3236 | D:4      | Reached XP level 6. HP: 36/39 MP: 6/6
  3244 | D:4      | Became a worshipper of Warmaster Okawaru
  3288 | D:4      | Noticed a phantom
  3343 | D:4      | Killed a phantom
  3343 | D:4      | Reached skill level 1 in Invocations
  3504 | D:4      | Reached XP level 7. HP: 44/44 MP: 6/8
  3593 | D:4      | Found a snail-covered altar of Cheibriados.
  3871 | D:4      | Found a shimmering altar of Xom.
  3874 | D:4      | Found a shimmering altar of Xom.
  3875 | D:4      | Found a shimmering altar of Xom.
  3876 | D:4      | Found a shimmering altar of Xom.
  4094 | D:4      | Reached skill level 5 in Armour
  4412 | D:5      | Entered Level 5 of the Dungeon
  4452 | D:5      | Reached skill level 5 in Fighting
  4452 | D:5      | Reached skill level 5 in Shields
  4553 | D:5      | Found a staircase to the Ecumenical Temple.
  4577 | D:5      | Reached * piety under Okawaru
  4818 | D:5      | Reached XP level 8. HP: 49/49 MP: 9/9
  5120 | D:5      | Reached ** piety under Okawaru
  5744 | D:6      | Reached XP level 9. HP: 55/55 MP: 10/12
  5802 | D:6      | Found a shadowy altar of Dithmenos.
  5927 | D:6      | Got a pair of heavily runed gloves
  5933 | D:6      | Identified the +2 pair of gloves of the Depths {+Fly} (You
                  | found it on level 6 of the Dungeon)
  6077 | D:6      | Found a sparkling altar of Nemelex Xobeh.
  6676 | D:7      | Noticed a troll
  6698 | D:7      | Killed a troll
  7319 | D:8      | Reached *** piety under Okawaru
  7347 | D:8      | Found a sacrificial altar of Ru.
  7425 | D:8      | Reached skill level 5 in Axes
  7460 | D:8      | Found a sacrificial altar of Ru.
  7503 | D:8      | Reached skill level 5 in Invocations
  7662 | D:8      | Found a glowing golden altar of the Shining One.
  7931 | D:9      | Reached XP level 10. HP: 58/63 MP: 14/14
  8325 | D:9      | Reached **** piety under Okawaru
  8511 | D:9      | Reached skill level 5 in Dodging
  8591 | D:9      | Found a roughly hewn altar of Beogh.
  8591 | D:9      | Found a staircase to the Orcish Mines.
  9366 | D:9      | Found a hazy altar of Hepliaklqana.
  9366 | D:9      | Found an ornate altar of the Wu Jian Council.
  9367 | D:9      | Found a blossoming altar of Fedhas.
  9448 | D:10     | Entered Level 10 of the Dungeon
  9453 | D:10     | Found a staircase to the Lair.
  9732 | D:10     | Noticed a green ugly thing
  9739 | D:10     | Killed a green ugly thing
  9739 | D:10     | Reached ***** piety under Okawaru
  9821 | D:10     | Noticed a centaur warrior
  9836 | D:10     | Killed a centaur warrior
  9836 | D:10     | Reached XP level 11. HP: 68/68 MP: 14/16
  9854 | D:10     | Noticed a deep elf mage
  9864 | D:10     | Killed a deep elf mage
 10177 | D:10     | Noticed Psyche
 10186 | D:10     | Killed Psyche
 10471 | D:10     | Noticed Fannar
 10497 | D:10     | Identified a scroll of acquirement
 10497 | D:10     | Acquired the ring "Meptomnu" {rF+ Slay+4}
 10634 | Lair:1   | Entered Level 1 of the Lair of Beasts
 10644 | Lair:1   | Received a gift from Okawaru
 10774 | Lair:1   | Noticed a six-headed hydra
 10775 | Lair:1   | Noticed an eight-headed hydra
 10780 | Lair:1   | Killed a six-headed hydra
 10938 | D:5      | Got a fine whip
 10940 | D:5      | Identified the +3 whip "Xyppuz" {venom, rPois} (You found
                  | it on level 5 of the Dungeon)
 11075 | Lair:1   | Noticed an eight-headed hydra
 11087 | Lair:1   | Killed an eight-headed hydra
 11336 | Lair:1   | Killed a nine-headed hydra
 11336 | Lair:1   | Received a gift from Okawaru
 11740 | Lair:1   | Reached XP level 12. HP: 51/76 MP: 18/18
 12080 | Lair:1   | You fall into a shaft and drop 1 floor!
 12080 | Lair:2   | Noticed Urug
 12089 | Lair:2   | Killed Urug
 12256 | Lair:2   | Found a staircase to the Swamp.
 12397 | Lair:2   | Found a blossoming altar of Fedhas.
 13305 | Lair:1   | Noticed a five-headed hydra
 13333 | Lair:1   | Killed a five-headed hydra
 14289 | Lair:3   | Noticed an eight-headed hydra
 14305 | Lair:3   | Killed a nine-headed hydra
 14305 | Lair:3   | Reached skill level 10 in Fighting
 14305 | Lair:3   | Reached skill level 10 in Armour
 14311 | Lair:3   | Reached ****** piety under Okawaru
 14318 | Lair:3   | Received a gift from Okawaru
 14321 | Lair:3   | Reached skill level 10 in Shields
 14579 | Lair:3   | Noticed a six-headed hydra
 14589 | Lair:3   | Killed a six-headed hydra
 14597 | Lair:3   | Received a gift from Okawaru
 14647 | Lair:3   | Found a staircase to the Snake Pit.
 15112 | Lair:4   | Noticed a four-headed hydra
 15126 | Lair:3   | Killed a four-headed hydra
 15126 | Lair:3   | Reached XP level 13. HP: 56/82 MP: 18/20
 16559 | Lair:3   | Reached skill level 10 in Invocations
 17255 | Lair:5   | Found a staircase to the Slime Pits.
 17568 | Lair:5   | Found a glowing silver altar of Zin.
 18067 | Lair:6   | Entered Level 6 of the Lair of Beasts
 18077 | Lair:6   | Received a gift from Okawaru
 18106 | Lair:6   | Got a bloodstained chain mail {god gift}
 18107 | Lair:6   | Identified the +5 chain mail "Gynura" {rElec rF- SInv
                  | Stlth-} (Okawaru gifted it to you on level 6 of the Lair of
                  | Beasts)
 18195 | Lair:6   | Gained mutation: Your large and strong wings let you fly
                  | indefinitely. [Gargoyle growth]
 18195 | Lair:6   | Reached XP level 14. HP: 90/90 MP: 21/21
 18595 | Lair:6   | Reached XP level 15. HP: 96/98 MP: 23/23
 19258 | D:10     | Received a gift from Okawaru
 19333 | D:10     | Found an ancient bone altar of Kikubaaqudgha.
 19503 | D:10     | Killed Fannar
 19930 | D:11     | You are sucked into a shaft and drop 1 floor!
 20272 | D:12     | Found a portal to a secret trove of treasure.
 20293 | D:12     | Noticed Nergalle
 20310 | D:12     | Killed Nergalle
 20421 | D:12     | Reached skill level 10 in Axes
 20724 | D:12     | Got a clouded ivory ring
 21153 | D:13     | Found an iron altar of Okawaru.
 21191 | D:13     | Found a gate to the Vaults.
 21682 | D:13     | Received a gift from Okawaru
 21685 | D:13     | Got slimy gold dragon scales {god gift}
 21696 | D:13     | Identified the +1 gold dragon scales of Winter {+Blink
                  | rPois rF+ rC+ Str+2} (Okawaru gifted it to you on level 13
                  | of the Dungeon)
 21699 | D:13     | Identified the ring of the Slicing Hero {Fire rElec MR+
                  | Dex+7} (You found it on level 12 of the Dungeon)
 22191 | D:14     | Noticed Rupert
 22191 | D:14     | Paralysed by Rupert for 5 turns
 22213 | D:14     | Killed Rupert
 22230 | D:14     | Reached XP level 16. HP: 105/105 MP: 19/24
 23350 | D:15     | Entered Level 15 of the Dungeon
 23459 | D:15     | Received a gift from Okawaru
 23462 | D:15     | Got a pair of smouldering boots {god gift}
 23473 | D:15     | Identified the +2 pair of boots "Kengoi Jaic" {rF++ MR+++
                  | Str+3 Dex-2} (Okawaru gifted it to you on level 15 of the
                  | Dungeon)
 23505 | D:15     | Found a staircase to the Depths.
 23672 | D:15     | Found a white marble altar of Elyvilon.
 23888 | D:15     | Found a basalt altar of Yredelemnul.
 24191 | Snake:1  | Entered Level 1 of the Snake Pit
 24243 | Snake:1  | Noticed Frances
 24259 | Snake:1  | Killed Frances
 24343 | Snake:1  | You are sucked into a shaft and drop 1 floor!
 25013 | Snake:1  | Found Wusam's Jewellery Emporium.
 25013 | Snake:1  | Found Gostryhoi's Gadget Shop.
 25014 | Snake:1  | Found Yfad's Jewellery Emporium.
 25019 | Snake:1  | Bought the ring "Joismuv" {AC+4 Str+6} for 722 gold pieces
 25572 | Snake:2  | Identified the Incunabulum of Cloudy Snow
 25629 | Snake:2  | Noticed a nagaraja
 25645 | Snake:2  | Killed a nagaraja
 25719 | Snake:2  | Reached XP level 17. HP: 94/110 MP: 25/25
 25836 | Snake:2  | Found Atik's Distillery.
 25850 | Snake:2  | Bought 2 potions of mutation for 320 gold pieces
 26281 | Snake:3  | Found the +6 Majin-Bo {vamp, MP+6 Int+6}
 26398 | Snake:3  | Reached skill level 15 in Axes
 26407 | Snake:3  | Received a gift from Okawaru
 26854 | Snake:4  | Entered Level 4 of the Snake Pit
 27047 | Snake:4  | Received a gift from Okawaru
 27192 | Snake:4  | Got a serpentine rune of Zot
 27287 | Snake:4  | Found a runed translucent door.
 27287 | Snake:4  | Found a shimmering altar of Xom.
 27287 | Snake:4  | Noticed Tuffe's ghost (adept FoFi)
 27375 | Snake:4  | Received a gift from Okawaru
 27388 | Snake:4  | Got a scorched hat {god gift}
 27389 | Snake:4  | Identified the +1 hat of Fun and Games {Dex+4} (Okawaru
                  | gifted it to you on level 4 of the Snake Pit)
 28050 | Snake:4  | Killed Tuffe's ghost
 28058 | Snake:4  | Identified the Reference Book on Unstable Toxins
 28224 | Swamp:1  | Entered Level 1 of the Swamp
 28245 | Swamp:1  | Reached XP level 18. HP: 76/116 MP: 26/26
 28442 | Swamp:1  | Found a burning altar of Makhleb.
 28972 | Swamp:2  | Noticed Kirke
 28985 | Swamp:2  | Killed Kirke
 29910 | Swamp:4  | Entered Level 4 of the Swamp
 29995 | Swamp:4  | Reached skill level 10 in Dodging
 30247 | Swamp:4  | Received a gift from Okawaru
 30611 | Swamp:4  | Received a gift from Okawaru
 30871 | Swamp:4  | Got a pair of crude gloves
 30872 | Swamp:4  | Identified the +2 pair of gloves "Cexuubb" {Harm rF+ Str+6}
                  | (You found it on level 4 of the Swamp)
 30889 | Swamp:4  | Got a decaying rune of Zot
 31230 | Vaults:1 | Entered Level 1 of the Vaults
 31451 | Vaults:1 | You are sucked into a shaft and drop 1 floor!
 31545 | Vaults:2 | Reached XP level 19. HP: 123/123 MP: 27/27
 31640 | Vaults:2 | Reached skill level 15 in Fighting
 31645 | Vaults:2 | Received a gift from Okawaru
 32023 | Vaults:2 | Upgraded the game from 0.26-a0-810-ge1a9524b62 to
                  | 0.26-a0-812-g31a745ddcd
 32151 | Vaults:2 | Got a heavily runed diamond amulet
 32556 | Vaults:2 | Noticed Asterion
 32569 | Vaults:2 | Killed Asterion
 32600 | Vaults:2 | Identified the amulet "Liyroc" {Fragile +Fly rC+ Regen+
                  | Stlth+} (You found it on level 2 of the Vaults)
 32944 | Vaults:3 | Received a gift from Okawaru
 33368 | Vaults:3 | Found a staircase to the Crypt.
 33561 | Vaults:3 | Reached XP level 20. HP: 131/131 MP: 28/28
 34208 | Vaults:4 | Reached skill level 15 in Armour
 34293 | Vaults:4 | Reached skill level 15 in Shields
 34379 | Vaults:4 | Received a gift from Okawaru
 35370 | Vaults:5 | Entered Level 5 of the Vaults
 35370 | Vaults:5 | Noticed Saint Roka
 35393 | Vaults:5 | Noticed an ancient lich
 35443 | Vaults:4 | Received a gift from Okawaru
 35888 | Vaults:4 | Killed an ancient lich
 35888 | Vaults:4 | Reached XP level 21. HP: 68/139 MP: 29/29
 36130 | Vaults:4 | Killed Saint Roka
 36148 | Vaults:5 | Received a gift from Okawaru
 36273 | Vaults:5 | Found Hautoaddod's Distillery.
 36274 | Vaults:5 | Noticed a golden dragon
 36281 | Vaults:5 | Killed a golden dragon
 36469 | Vaults:1 | Got a scorched whip
 36630 | Vaults:1 | Received a gift from Okawaru
 37631 | Orc:1    | Entered Level 1 of the Orcish Mines
 37743 | Orc:1    | Found a roughly hewn altar of Beogh.
 37883 | Orc:1    | You are sucked into a shaft and drop 1 floor!
 37883 | Orc:2    | Entered Level 2 of the Orcish Mines
 37905 | Orc:2    | Found Uwoletea's Jewellery Shoppe.
 37905 | Orc:2    | Found Enoa's Weapon Shop.
 37930 | Orc:2    | Found Untedyck's Distillery.
 37932 | Orc:2    | Found Locosor's Jewellery Emporium.
 37993 | Orc:2    | Bought 2 potions of mutation for 240 gold pieces
 37993 | Orc:2    | Bought a potion of heal wounds for 75 gold pieces
 38185 | Orc:2    | Found a staircase to the Elven Halls.
 38201 | Orc:2    | Found Ysonnen's Antique Armour Boutique.
 38965 | Vaults:5 | Gained mutation: You are somewhat resistant to further
                  | mutation. [a shining eye]
 38967 | Vaults:5 | Gained mutation: Scrolls take you a little longer to read.
                  | [a shining eye]
 38979 | Vaults:5 | Noticed Mennas
 39469 | Vaults:4 | Lost mutation: Scrolls take you a little longer to read.
                  | [potion of mutation]
 39469 | Vaults:4 | Lost mutation: You are somewhat resistant to further
                  | mutation. [potion of mutation]
 39469 | Vaults:4 | Gained mutation: Potions are less effective at restoring
                  | your health. [potion of mutation]
 39469 | Vaults:4 | Gained mutation: Your mind is acute. (Int +2) [potion of
                  | mutation]
 39470 | Vaults:4 | Lost mutation: Potions are less effective at restoring your
                  | health. [potion of mutation]
 39470 | Vaults:4 | Lost mutation: Your mind is acute. (Int +2) [potion of
                  | mutation]
 39470 | Vaults:4 | Gained mutation: Your spells are a little harder to cast,
                  | but a little more powerful. [potion of mutation]
 39470 | Vaults:4 | Gained mutation: You have sharp toenails. [potion of
                  | mutation]
 39470 | Vaults:4 | Gained mutation: Potions are less effective at restoring
                  | your health. [potion of mutation]
 39470 | Vaults:4 | Gained mutation: Your mind is acute. (Int +2) [potion of
                  | mutation]
 39536 | Vaults:4 | Killed Mennas
 39536 | Vaults:4 | Received a gift from Okawaru
 39536 | Vaults:4 | Reached XP level 22. HP: 145/147 MP: 30/30
 39989 | Vaults:4 | Identified the cursed +3 whip "Asaoff" {pain, +Fly rN+
                  | Dex-2} (You found it on level 1 of the Vaults)
 40510 | Vaults:5 | Noticed a golden dragon
 40513 | Vaults:5 | Noticed a golden dragon
 40521 | Vaults:5 | Killed a golden dragon
 40531 | Vaults:5 | Killed a golden dragon
 40552 | Vaults:5 | Identified the cursed +3 dagger of Wyrd {flame, *Corrode
                  | *Drain Str+6 Int+9}
 40558 | Vaults:5 | Received a gift from Okawaru
 40783 | Vaults:5 | Noticed a golden dragon
 40795 | Vaults:5 | Killed a golden dragon
 40816 | Vaults:5 | Identified the cursed +0 robe of the Four Mystics {Harm
                  | rPois Int+4 Dex+4}
 41228 | Vaults:5 | Found Laup's Distillery.
 41232 | Vaults:5 | Found Dusatt Boli's Magic Scroll Emporium.
 41246 | Vaults:5 | Bought a potion of resistance for 140 gold pieces
 41253 | Vaults:5 | Bought a scroll of enchant weapon for 172 gold pieces
 41253 | Vaults:5 | Bought a scroll of teleportation for 69 gold pieces
 41253 | Vaults:5 | Bought a scroll of enchant armour for 172 gold pieces
 41253 | Vaults:5 | Bought a scroll of blinking for 172 gold pieces
 41253 | Vaults:5 | Bought a scroll of blinking for 172 gold pieces
 41253 | Vaults:5 | Bought a scroll of enchant weapon for 172 gold pieces
 41254 | Vaults:5 | Found Sanyx's Magic Scroll Shop.
 41261 | Vaults:5 | Bought 2 scrolls of enchant armour for 270 gold pieces
 41276 | Vaults:5 | Found Bitud's Magic Scroll Shoppe.
 41280 | Vaults:5 | Bought a scroll of brand weapon for 380 gold pieces
 41280 | Vaults:5 | Bought a scroll of enchant weapon for 142 gold pieces
 41615 | Vaults:5 | Got a silver rune of Zot
 42061 | Elf:1    | Entered Level 1 of the Elven Halls
 42275 | Depths:1 | Entered Level 1 of the Depths
 43008 | Depths:1 | Found a gateway to Hell.
 43101 | Depths:1 | Received a gift from Okawaru
 43161 | Depths:1 | Reached XP level 23. HP: 153/153 MP: 31/31
 43612 | Depths:2 | Received a gift from Okawaru
 43816 | Depths:2 | Received a gift from Okawaru
 44028 | Depths:2 | Noticed Bai Suzhen
 44047 | Depths:2 | Killed Bai Suzhen
 44142 | Depths:2 | Received a gift from Okawaru
 44215 | Depths:2 | Got a faintly glowing helmet
 44216 | Depths:2 | Identified the +3 helmet of the Modern Bones {Harm MR+
                  | SInv} (You found it on level 2 of the Depths)
 44956 | Depths:3 | Found Paxkinok's Antique Armour Shoppe.
 44978 | Depths:3 | Reached skill level 15 in Dodging
 45135 | Depths:3 | Found Adoydat's Assorted Antiques.
 45266 | Depths:3 | Reached XP level 24. HP: 159/162 MP: 31/31
 45297 | Depths:3 | Noticed Jory
 45323 | Depths:3 | Killed Jory
 45324 | Depths:3 | Found Diyl Jistoto's Weapon Shoppe.
 45471 | Depths:3 | Received a gift from Okawaru
 45586 | Depths:3 | Found Nimikoim's Magic Scroll Shop.
 45591 | Depths:3 | Bought a scroll of blinking for 97 gold pieces
 45604 | Depths:3 | Found a one-way gate to the infinite horrors of the Abyss.
 45759 | Depths:3 | Found a one-way gate leading to the halls of Pandemonium.
 46045 | Depths:3 | Found Meubaytyi's Book Emporium.
 46301 | Depths:4 | Found Gozag's Antique Weapon Shop.
 46358 | Depths:4 | Found Gozag's Antique Weapon Shop.
 46362 | Depths:4 | Found an opulent altar of Gozag.
 46362 | Depths:4 | Found Gozag's Antique Armour Boutique.
 46661 | Depths:4 | Received a gift from Okawaru
 47055 | Depths:5 | Entered Level 5 of the Depths
 47067 | Depths:5 | Noticed a juggernaut
 47097 | Depths:5 | Killed a juggernaut
 47763 | Depths:5 | Found a gate to the Realm of Zot.
 47773 | Depths:5 | Received a gift from Okawaru
 47803 | Depths:5 | Found Dyupsu Xici's Gadget Boutique.
 47804 | Depths:5 | Noticed the Enchantress
 47836 | Depths:5 | Killed the Enchantress
 47836 | Depths:5 | Reached XP level 25. HP: 158/169 MP: 31/31
 47847 | Depths:5 | Found Qost's General Store.
 47856 | Depths:5 | Bought a potion of haste for 230 gold pieces
 47891 | Depths:5 | Found a gateway to a ziggurat.
 48019 | Depths:5 | Found Xaynis's Book Shoppe.
 48851 | Snake:1  | Bought a wand of digging (6) for 300 gold pieces
 50761 | Elf:2    | Found Omasy's Weapon Emporium.
 51208 | Elf:2    | Found a runed translucent gate.
 51208 | Elf:2    | Found a runed translucent gate.
 51208 | Elf:2    | Found a runed translucent gate.
 51249 | Elf:2    | Received a gift from Okawaru
 51305 | Elf:2    | Received a gift from Okawaru
 51314 | Elf:2    | Got a pair of transparent gloves {god gift}
 51324 | Elf:2    | Identified the +0 pair of gloves of Awov Kac {rF++ MR-}
                  | (Okawaru gifted it to you on level 2 of the Elven Halls)
 51597 | Elf:3    | Entered Level 3 of the Elven Halls
 52272 | Elf:3    | Found the +0 pair of fencer's gloves {Riposte Dex+3}
 52281 | Elf:3    | Got a serpentine pewter ring
 52336 | Elf:3    | Got a scorched copper amulet
 52344 | Elf:3    | Found the +7 lajatang of Order {silver, rMut}
 52351 | Elf:3    | Got a wavering brass ring
 52448 | Elf:3    | Identified the ring of Xaick {Ice *Drain MR+ Str+4 Dex+3}
                  | (You found it on level 3 of the Elven Halls)
 52449 | Elf:3    | Identified the amulet of Bosh {Acrobat Dex+4 Slay+5} (You
                  | found it on level 3 of the Elven Halls)
 52463 | Elf:3    | Identified the ring of Seyngik {rElec rPois rC- rN+ Dex-2}
                  | (You found it on level 3 of the Elven Halls)
 52862 | Elf:3    | Reached XP level 26. HP: 177/177 MP: 31/31
 53329 | Zot:1    | Entered Level 1 of the Realm of Zot
 53426 | Zot:1    | Noticed an ancient lich
 53485 | Zot:1    | Found a transporter.
 53531 | Zot:1    | Received a gift from Okawaru
 53839 | Zot:1    | Noticed an orb of fire
 53846 | Zot:1    | Gained mutation: You are weak. (Str -2) [an orb of fire]
 53860 | Zot:1    | Killed an orb of fire
 53995 | Zot:1    | Identified the Compendium of Displaced Slavery
 54126 | Zot:1    | Identified the ring of Xutuil {rC+ rN+ Str+6 Int+3 Dex+3}
 54197 | Zot:1    | Found a transporter.
 54620 | Zot:2    | Noticed an orb of fire
 54927 | Zot:2    | Received a gift from Okawaru
 55159 | Zot:2    | You are sucked into a shaft and drop 2 floors!
 55250 | Zot:4    | Noticed a Killer Klown
 55269 | Zot:4    | Killed a Killer Klown
 55389 | Zot:4    | Reached XP level 27. HP: 162/185 MP: 31/31
 55421 | Zot:3    | Received a gift from Okawaru
 56410 | Zot:3    | Found a runed translucent door.
 56410 | Zot:3    | Noticed Posumaett's ghost (legendary TrBe)
 56598 | Zot:3    | Received a gift from Okawaru
 56768 | Zot:3    | Killed Posumaett's ghost
 56810 | Zot:2    | Gained mutation: You are clumsy. (Dex -2) [an orb of fire]
 56815 | Zot:2    | Killed an orb of fire
 57294 | Zot:2    | Received a gift from Okawaru
 57335 | Zot:2    | Noticed an orb of fire
 57336 | Zot:2    | Gained mutation: You are resistant to hostile enchantments.
                  | (MR+) [an orb of fire]
 57344 | Zot:2    | Killed an orb of fire
 58473 | Zot:4    | Found a runed translucent gate.
 58473 | Zot:4    | Found an ancient bone altar of Kikubaaqudgha.
 58473 | Zot:4    | Noticed Ishiah's ghost (master VSBe)
 58473 | Zot:4    | Noticed Latoum's ghost (master OgTm)
 58473 | Zot:4    | Noticed an ancient lich
 58474 | Zot:4    | Found a runed translucent gate.
 58474 | Zot:4    | Found a runed translucent gate.
 58474 | Zot:4    | Noticed Ytolar's ghost (legendary DsFi)
 58474 | Zot:4    | Noticed an ancient lich
 58928 | Zot:4    | Killed an ancient lich
 58999 | Zot:4    | Killed an ancient lich
 59020 | Zot:4    | Killed Latoum's ghost
 59115 | Zot:4    | Killed Ytolar's ghost
 59222 | Zot:4    | Killed Ishiah's ghost
 59243 | Zot:4    | Got a polished hat
 59248 | Zot:4    | Got a heavily runed bronze ring
 59253 | Zot:4    | Identified Kikubaaqudgha's Tome of Unholy Rituals
 59257 | Zot:4    | Identified the +0 hat of the Thoughtful Tables {Harm +Blink
                  | rN+++ Stlth-} (You found it on level 4 of the Realm of Zot)
 59258 | Zot:4    | Identified the ring "Xitulez" {MR+ Int+5 Dex-5 SInv} (You
                  | found it on level 4 of the Realm of Zot)
 59364 | Zot:5    | Entered Level 5 of the Realm of Zot
 59452 | Zot:5    | Received a gift from Okawaru
 59545 | Zot:5    | Noticed an ancient lich
 59552 | Zot:5    | Killed an ancient lich
 59556 | Zot:5    | Noticed an ancient lich
 59576 | Zot:5    | Killed an ancient lich
 59595 | Zot:5    | Noticed an orb of fire
 59609 | Zot:5    | Gained mutation: Armour fits poorly on your strangely
                  | shaped body. [an orb of fire]
 59615 | Zot:5    | Noticed an orb of fire
 59616 | Zot:5    | Killed an orb of fire
 59617 | Zot:5    | Noticed an orb of fire
 59660 | Zot:4    | Lost mutation: You are weak. (Str -2) [potion of mutation]
 59660 | Zot:4    | Lost mutation: Your spells are a little harder to cast, but
                  | a little more powerful. [potion of mutation]
 59660 | Zot:4    | Lost mutation: You have sharp toenails. [potion of
                  | mutation]
 59660 | Zot:4    | Lost mutation: Armour fits poorly on your strangely shaped
                  | body. [potion of mutation]
 59660 | Zot:4    | Gained mutation: Your body sometimes deteriorates upon
                  | taking damage. [potion of mutation]
 59660 | Zot:4    | Gained mutation: You are covered in fur. (AC +1) [potion of
                  | mutation]
 59661 | Zot:4    | Lost mutation: You are resistant to hostile enchantments.
                  | (MR+) [potion of mutation]
 59661 | Zot:4    | Lost mutation: You are clumsy. (Dex -2) [potion of
                  | mutation]
 59661 | Zot:4    | Lost mutation: Your body sometimes deteriorates upon taking
                  | damage. [potion of mutation]
 59661 | Zot:4    | Lost mutation: Your mind is acute. (Int +2) [potion of
                  | mutation]
 59661 | Zot:4    | Gained mutation: You possess an exceptional clarity of
                  | mind. [potion of mutation]
 59661 | Zot:4    | Gained mutation: You are somewhat resistant to further
                  | mutation. [potion of mutation]
 60777 | Zot:1    | Received a gift from Okawaru
 60822 | Zot:1    | Killed an ancient lich
 60887 | Zot:1    | Got a pair of transparent gloves
 60888 | Zot:1    | Identified the +1 pair of gloves "Cofaanke" {+Blink rF+
                  | Int+4 Stlth+} (You found it on level 1 of the Realm of Zot)
 60906 | Zot:1    | Got a blackened broad axe {god gift}
 60907 | Zot:1    | Identified the +0 broad axe of Subterfuge {drain, Fragile
                  | rC+ Str+3} (Okawaru gifted it to you on level 1 of the
                  | Realm of Zot)
 61005 | Depths:5 | Voluntarily entered the Abyss.
 61005 | Abyss:1  | Found a corrupted altar of Lugonu.
 61203 | Abyss:3  | Paralysed by accursed screaming for 1 turns
 61219 | Abyss:3  | Paralysed by accursed screaming for 2 turns
 61228 | Abyss:3  | Paralysed by accursed screaming for 2 turns
 61249 | Abyss:3  | Paralysed by accursed screaming for 1 turns
 61268 | Abyss:3  | Got an abyssal rune of Zot
 61359 | Abyss:3  | Received a gift from Okawaru
 61606 | Depths:5 | Escaped the Abyss
 61941 | D:8      | Fell from the grace of Okawaru
 61941 | D:8      | Became a worshipper of the Shining One
 62194 | Hell     | Entered the Vestibule of Hell
 62194 | Hell     | Noticed Geryon
 62862 | Crypt:1  | Entered Level 1 of the Crypt
 62941 | Crypt:1  | Reached * piety under the Shining One
 62989 | Crypt:1  | Reached ** piety under the Shining One
 63602 | Crypt:1  | Reached *** piety under the Shining One
 63713 | Crypt:1  | Reached **** piety under the Shining One
 64068 | Crypt:2  | Reached ***** piety under the Shining One
 64307 | Crypt:2  | Noticed Xtahua
 64317 | Crypt:2  | Killed Xtahua
 64571 | Crypt:3  | Entered Level 3 of the Crypt
 64627 | Crypt:3  | Reached ****** piety under the Shining One
 64628 | Crypt:3  | Noticed Margery
 64648 | Crypt:3  | Killed Margery
 64653 | Crypt:3  | Reached skill level 15 in Invocations
 64744 | Crypt:3  | Found an ancient bone altar of Kikubaaqudgha.
 64960 | Crypt:3  | Noticed Boris
 65461 | Zot:3    | Identified a +9 broad axe of holy wrath (a +9 vampiric
                  | broad axe blessed by the Shining One)
 65461 | Zot:3    | Received a gift from the Shining One
 66106 | Crypt:3  | Killed Boris
 66377 | Crypt:3  | Noticed Khufu
 66393 | Crypt:3  | Killed Khufu
 66722 | Crypt:3  | Found a staircase to the Tomb.
 67454 | Hell     | Noticed Murray
 67486 | Hell     | Killed Murray
 67505 | Hell     | Killed Geryon
 67640 | Hell     | Found a gateway to the Iron City of Dis.
 67669 | Hell     | Found a gateway to the ashen valley of Gehenna.
 67721 | Hell     | Found a gateway to the decaying netherworld of Tartarus.
 67759 | Hell     | Was forgiven by Okawaru
 67793 | Hell     | Found a gateway to the freezing wastes of Cocytus.
 67891 | Geh:1    | Entered Level 1 of Gehenna
 68418 | Geh:3    | Acquired a manual of Earth Magic
 68420 | Geh:3    | Acquired a manual of Poison Magic
 68422 | Geh:3    | Acquired the +1 cloak "Xeqaamn" {*Drain Str+7 Stlth+}
 68660 | Geh:5    | You are sucked into a shaft and drop 1 floor!
 68717 | Geh:7    | Entered Level 7 of Gehenna
 69887 | Geh:7    | Got a scorched gossamer ring
 69889 | Geh:7    | Got a clouded silver amulet
 69894 | Geh:7    | Identified the cursed ring of Diusteock {rN++ MR- Str-4
                  | Dex+5} (You found it on level 7 of Gehenna)
 69896 | Geh:7    | Identified the amulet "Vuroc" {Faith rElec Str-4 Int+7}
                  | (You found it on level 7 of Gehenna)
 70289 | Geh:7    | Identified the +7 sceptre of Asmodeus
 70289 | Geh:7    | Noticed Asmodeus
 70305 | Geh:7    | Killed Asmodeus
 70336 | Geh:7    | Identified the Disquisition on Doomed Cold
 70385 | Geh:7    | Got a translucent tin amulet
 70386 | Geh:7    | Identified the amulet of Untruth {Reflect rF+ Str-3 Dex+8
                  | SH+5} (You found it on level 7 of Gehenna)
 70411 | Geh:7    | Got an obsidian rune of Zot
 70697 | Dis:1    | Entered Level 1 of the Iron City of Dis
 70700 | Dis:1    | You are sucked into a shaft and drop 1 floor!
 71023 | Dis:2    | Noticed a greater mummy
 71031 | Dis:2    | Killed a greater mummy
 71043 | Dis:2    | Noticed a greater mummy
 71048 | Dis:2    | Noticed a greater mummy
 71052 | Dis:2    | Killed a greater mummy
 71053 | Dis:2    | Killed a greater mummy
 71860 | Dis:6    | You are sucked into a shaft and drop 1 floor!
 71860 | Dis:7    | Entered Level 7 of the Iron City of Dis
 72041 | Dis:7    | Gained mutation: You occasionally shout uncontrollably at
                  | your foes. [a cacodemon]
 72043 | Dis:7    | Lost mutation: You possess an exceptional clarity of mind.
                  | [a cacodemon]
 73471 | Dis:7    | Identified the ring "Ekhleres" {rN+ MP+9}
 74022 | Dis:7    | Identified the +4 staff of Dispater
 74022 | Dis:7    | Noticed Dispater
 74042 | Dis:7    | Killed Dispater
 74052 | Dis:7    | Identified Ynkoysm's Reference Book on Air and
                  | Transformation
 74072 | Dis:7    | Got an iron rune of Zot
 74464 | Coc:1    | Entered Level 1 of Cocytus
 75170 | Coc:7    | Entered Level 7 of Cocytus
 75870 | Coc:7    | Noticed Antaeus
 75885 | Coc:7    | Killed Antaeus
 75890 | Coc:7    | Got an icy rune of Zot
 76196 | Tar:1    | Entered Level 1 of Tartarus
 76246 | Tar:1    | You are sucked into a shaft and drop 1 floor!
 76760 | Tar:6    | You are sucked into a shaft and drop 1 floor!
 76760 | Tar:7    | Entered Level 7 of Tartarus
 77133 | Tar:7    | Noticed Ereshkigal
 77171 | Tar:7    | Killed Ereshkigal
 77214 | Tar:7    | Got a bone rune of Zot
 77234 | Tar:7    | Got a vibrating ivory ring
 77235 | Tar:7    | Identified the ring "Peinom" {rElec AC+4 Str+6 Int-2} (You
                  | found it on level 7 of Tartarus)
 77889 | Tar:7    | Identified The Last Secrets of Sorcery
 77910 | Tar:7    | Learned a level 9 spell: Shatter
 78463 | Pan      | Entered Pandemonium
 78492 | Pan      | Noticed Koapp the pandemonium lord
 78509 | Pan      | Killed Koapp the pandemonium lord
 78730 | Pan      | Found an exit through the horrors of the Abyss.
 79015 | Pan      | Entered the realm of Cerebov.
 79234 | Pan      | Identified the +6 sword of Cerebov {flame}
 79234 | Pan      | Noticed Cerebov
 79268 | Pan      | Killed Cerebov
 79817 | Pan      | Got a fiery rune of Zot
 79881 | Pan      | Identified Cifich's Intricacies of Thaumaturgy
 80031 | Pan      | Found an exit through the horrors of the Abyss.
 80169 | Pan      | Noticed Cuneb the pandemonium lord
 80205 | Pan      | Killed Cuneb the pandemonium lord
 80210 | Pan      | Gained mutation: You are weak. (Str -2) [a neqoxec]
 80227 | Pan      | Gained mutation: You are occasionally teleported next to
                  | monsters. [a neqoxec]
 80483 | Pan      | Gained mutation: You are dopey. (Int -2) [a cacodemon]
 80520 | Pan      | Gained mutation: Armour fits poorly on your strangely
                  | shaped body. [a cacodemon]
 80567 | Pan      | Gained mutation: You sometimes yell uncontrollably at your
                  | foes. [a cacodemon]
 80569 | Pan      | Gained mutation: Your spells are a little easier to cast,
                  | but a little less powerful. [a cacodemon]
 80571 | Pan      | Gained mutation: You are frail. (-10% HP) [a cacodemon]
 80598 | Pan      | Lost mutation: You are weak. (Str -2) [potion of mutation]
 80598 | Pan      | Lost mutation: You are very dopey. (Int -4) [potion of
                  | mutation]
 80598 | Pan      | Lost mutation: You are somewhat resistant to further
                  | mutation. [potion of mutation]
 80598 | Pan      | Lost mutation: You are frail. (-10% HP) [potion of
                  | mutation]
 80598 | Pan      | Gained mutation: Your mind is acute. (Int +2) [potion of
                  | mutation]
 80599 | Pan      | Lost mutation: Armour fits poorly on your strangely shaped
                  | body. [potion of mutation]
 80599 | Pan      | Lost mutation: Your spells are a little easier to cast, but
                  | a little less powerful. [potion of mutation]
 80599 | Pan      | Lost mutation: Your mind is acute. (Int +2) [potion of
                  | mutation]
 80599 | Pan      | Lost mutation: You sometimes yell uncontrollably at your
                  | foes. [potion of mutation]
 80599 | Pan      | Gained mutation: You can translocate small distances at
                  | will. [potion of mutation]
 80599 | Pan      | Gained mutation: You are partially covered in molten
                  | scales. (AC +2) [potion of mutation]
 80600 | Pan      | Lost mutation: You occasionally shout uncontrollably at
                  | your foes. [potion of mutation]
 80600 | Pan      | Lost mutation: You are partially covered in molten scales.
                  | (AC +2) [potion of mutation]
 80600 | Pan      | Gained mutation: Your mind is acute. (Int +2) [potion of
                  | mutation]
 80600 | Pan      | Gained mutation: You passively map a small area around you.
                  | [potion of mutation]
 80601 | Pan      | Lost mutation: Potions are less effective at restoring your
                  | health. [potion of mutation]
 80601 | Pan      | Lost mutation: You can translocate small distances at will.
                  | [potion of mutation]
 80601 | Pan      | Gained mutation: You possess an exceptional clarity of
                  | mind. [potion of mutation]
 80635 | Pan      | Noticed Qiatzoan the pandemonium lord
 80647 | Pan      | Killed Qiatzoan the pandemonium lord
 80757 | Pan      | Gained mutation: Scrolls take you a little longer to read.
                  | [a neqoxec]
 80846 | Pan      | Lost mutation: You are covered in fur. (AC +1) [potion of
                  | mutation]
 80846 | Pan      | Lost mutation: Scrolls take you a little longer to read.
                  | [potion of mutation]
 80846 | Pan      | Gained mutation: Scrolls take you a little longer to read.
                  | [potion of mutation]
 80846 | Pan      | Lost mutation: Scrolls take you a little longer to read.
                  | [potion of mutation]
 80846 | Pan      | Gained mutation: You evolve. [potion of mutation]
 80846 | Pan      | Gained mutation: You have sharp toenails. [potion of
                  | mutation]
 80851 | Pan      | Noticed Xecigg the pandemonium lord
 80863 | Pan      | Killed Xecigg the pandemonium lord
 81040 | Pan      | Entered the realm of Lom Lobon.
 81158 | Pan      | Gained mutation: You rapidly evolve. [evolution]
 81196 | Pan      | Noticed Lom Lobon
 81261 | Pan      | Killed Lom Lobon
 82127 | Pan      | Got a magical rune of Zot
 82257 | Pan      | Noticed Caorucukk the pandemonium lord
 82268 | Pan      | Killed Caorucukk the pandemonium lord
 82268 | Pan      | Reached skill level 27 in Fighting
 82268 | Pan      | Reached skill level 27 in Shields
 82313 | Pan      | Entered the realm of Mnoleg.
 82343 | Pan      | Lost mutation: You passively map a small area around you.
                  | [a cacodemon]
 82496 | Pan      | Gained mutation: You are clumsy. (Dex -2) [a cacodemon]
 82551 | Pan      | Found an exit through the horrors of the Abyss.
 82662 | Pan      | Gained mutation: Armour fits poorly on your strangely
                  | shaped body. [a cacodemon]
 82779 | Pan      | Gained mutation: Your body sometimes deteriorates upon
                  | taking damage. [a neqoxec]
 82804 | Pan      | Noticed Mnoleg
 82812 | Pan      | Lost mutation: Your mind is acute. (Int +2) [a shining eye]
 82824 | Pan      | Killed Mnoleg
 82830 | Pan      | Gained mutation: Scrolls take you a little longer to read.
                  | [a neqoxec]
 82837 | Pan      | Gained mutation: You are very clumsy. (Dex -4) [a neqoxec]
 82872 | Pan      | Got a glowing rune of Zot
 83147 | Pan      | Gained mutation: Your magical capacity is low. (-10% MP) [a
                  | neqoxec]
 83203 | Pan      | Entered the realm of Gloorx Vloq.
 83460 | Pan      | Reached skill level 27 in Invocations
 83502 | Pan      | Noticed Gloorx Vloq
 83538 | Pan      | Lost mutation: Scrolls take you a little longer to read.
                  | [potion of mutation]
 83538 | Pan      | Lost mutation: You are very clumsy. (Dex -4) [potion of
                  | mutation]
 83538 | Pan      | Lost mutation: You have sharp toenails. [potion of
                  | mutation]
 83538 | Pan      | Lost mutation: Your body sometimes deteriorates upon taking
                  | damage. [potion of mutation]
 83538 | Pan      | Gained mutation: You have a pair of small horns on your
                  | head. [potion of mutation]
 83539 | Pan      | Lost mutation: Your magical capacity is low. (-10% MP)
                  | [potion of mutation]
 83539 | Pan      | Lost mutation: You have a pair of small horns on your head.
                  | [potion of mutation]
 83539 | Pan      | Lost mutation: You possess an exceptional clarity of mind.
                  | [potion of mutation]
 83539 | Pan      | Lost mutation: You are clumsy. (Dex -2) [potion of
                  | mutation]
 83539 | Pan      | Gained mutation: You are agile. (Dex +2) [potion of
                  | mutation]
 83539 | Pan      | Gained mutation: You are partially covered in yellow
                  | scales. (AC +2) [potion of mutation]
 83540 | Pan      | Lost mutation: You are agile. (Dex +2) [potion of mutation]
 83540 | Pan      | Lost mutation: Armour fits poorly on your strangely shaped
                  | body. [potion of mutation]
 83540 | Pan      | Gained mutation: Your mind is acute. (Int +2) [potion of
                  | mutation]
 83540 | Pan      | Gained mutation: Your mind is very acute. (Int +4) [potion
                  | of mutation]
 83585 | Pan      | Reached skill level 27 in Armour
 83821 | Pan      | Found an exit through the horrors of the Abyss.
 84019 | Pan      | Killed Gloorx Vloq
 84180 | Pan      | Got a dark rune of Zot
 84350 | Pan      | Noticed Wygaffoa the pandemonium lord
 84370 | Pan      | Killed Wygaffoa the pandemonium lord
 84782 | Pan      | Lost mutation: You are occasionally teleported next to
                  | monsters. [evolution]
 84849 | Pan      | Gained mutation: Your spells are a little easier to cast,
                  | but a little less powerful. [a cacodemon]
 84861 | Pan      | Noticed Bukkocvo the pandemonium lord
 84874 | Pan      | Killed Bukkocvo the pandemonium lord
 84936 | Pan      | Gained mutation: You are frail. (-10% HP) [a neqoxec]
 84940 | Pan      | Gained mutation: You are very frail. (-20% HP) [a neqoxec]
 85392 | Pan      | Found an exit through the horrors of the Abyss.
 85845 | Pan      | Found a transporter.
 85926 | Pan      | Found a transporter.
 85975 | Pan      | Got a transparent steel ring
 85992 | Pan      | Got an ancient jade ring
 86000 | Pan      | Identified the ring of Xom's Sleight of Hands {rC+++ rN+
                  | Str+6 Int+3 Dex-2} (You found it in Pandemonium)
 86001 | Pan      | Identified the ring of Xom's Bemusement {MR+ Stlth-} (You
                  | found it in Pandemonium)
 86065 | Pan      | Gained mutation: Your body sometimes deteriorates upon
                  | taking damage. [a cacodemon]
 86409 | Pan      | Found an exit through the horrors of the Abyss.
 86536 | Pan      | Noticed Muthoo Bihi the pandemonium lord
 86545 | Pan      | Gained mutation: You are extremely frail. (-30% HP) [a
                  | cacodemon]
 86546 | Pan      | Gained mutation: You are clumsy. (Dex -2) [a cacodemon]
 86554 | Pan      | Gained mutation: Your body often deteriorates upon taking
                  | damage. [a cacodemon]
 86556 | Pan      | Killed Muthoo Bihi the pandemonium lord
 86706 | Pan      | Got a demonic rune of Zot
 86877 | Pan      | Found an exit through the horrors of the Abyss.
 87464 | Pan      | Noticed Tacvo Fie the pandemonium lord
 87475 | Pan      | Killed Tacvo Fie the pandemonium lord
 87481 | Pan      | Identified the +1 robe "Meleninn" {Int+4}
 87507 | Depths:3 | Escaped Pandemonium
 87886 | Slime:1  | Entered Level 1 of the Pits of Slime
 87889 | Slime:1  | Reached skill level 1 in Earth Magic
 88626 | Pan      | Entered Pandemonium
 88634 | Pan      | Reached skill level 1 in Staves
 88761 | Pan      | Noticed Hiyt Jacech the pandemonium lord
 88822 | Pan      | Killed Hiyt Jacech the pandemonium lord
 88974 | Pan      | Reached skill level 5 in Staves
 89135 | Pan      | Found an exit through the horrors of the Abyss.
 89963 | Pan      | Gained mutation: You are occasionally teleported next to
                  | monsters. [a cacodemon]
 90307 | Pan      | Lost mutation: You are clumsy. (Dex -2) [potion of
                  | mutation]
 90307 | Pan      | Lost mutation: Your body often deteriorates upon taking
                  | damage. [potion of mutation]
 90307 | Pan      | Lost mutation: You are occasionally teleported next to
                  | monsters. [potion of mutation]
 90307 | Pan      | Lost mutation: Your body sometimes deteriorates upon taking
                  | damage. [potion of mutation]
 90307 | Pan      | Lost mutation: Your spells are a little easier to cast, but
                  | a little less powerful. [potion of mutation]
 90307 | Pan      | Gained mutation: You have sharp toenails. [potion of
                  | mutation]
 90308 | Pan      | Lost mutation: You are partially covered in yellow scales.
                  | (AC +2) [potion of mutation]
 90308 | Pan      | Lost mutation: You are extremely frail. (-30% HP) [potion
                  | of mutation]
 90308 | Pan      | Lost mutation: You have sharp toenails. [potion of
                  | mutation]
 90308 | Pan      | Gained mutation: Your spells are a little harder to cast,
                  | but a little more powerful. [potion of mutation]
 90308 | Pan      | Gained mutation: Your muscles are strong. (Str +2) [potion
                  | of mutation]
 90582 | Pan      | Noticed Joxowas the pandemonium lord
 90594 | Pan      | Killed Joxowas the pandemonium lord
 90594 | Pan      | Reached skill level 10 in Staves
 91596 | Pan      | Found an exit through the horrors of the Abyss.
 91825 | Pan      | Noticed Tyuxagou the pandemonium lord
 91843 | Pan      | Killed Tyuxagou the pandemonium lord
 92581 | Pan      | Noticed Fusob the pandemonium lord
 92591 | Pan      | Killed Fusob the pandemonium lord
 92799 | Pan      | Reached skill level 15 in Staves
 93153 | Depths:3 | Escaped Pandemonium
 94435 | Slime:2  | Gained mutation: You tend to lose your temper in combat. [a
                  | shining eye]
 94439 | Slime:2  | Gained mutation: Scrolls take you a little longer to read.
                  | [a shining eye]
 94441 | Slime:2  | Gained mutation: You occasionally shout uncontrollably at
                  | your foes. [a shining eye]
 97637 | Snake:1  | Bought the ring "Igeasa Hiam" {rElec rPois rF+ rCorr Dex-3}
                  | for 544 gold pieces
 97979 | Slime:4  | Paralysed by a floating eye for 3 turns
 98596 | Slime:5  | Entered Level 5 of the Pits of Slime
 98765 | Slime:5  | Noticed the Royal Jelly
 99772 | Depths:3 | Bought a potion of mutation for 304 gold pieces
 99772 | Depths:3 | Lost mutation: Your muscles are strong. (Str +2) [potion of
                  | mutation]
 99772 | Depths:3 | Lost mutation: Your spells are a little harder to cast, but
                  | a little more powerful. [potion of mutation]
 99772 | Depths:3 | Lost mutation: Your mind is very acute. (Int +4) [potion of
                  | mutation]
 99772 | Depths:3 | Lost mutation: You tend to lose your temper in combat.
                  | [potion of mutation]
 99772 | Depths:3 | Gained mutation: You have a pair of small horns on your
                  | head. [potion of mutation]
 99811 | Pan      | Entered Pandemonium
 99832 | Pan      | Noticed Duimu the pandemonium lord
 99856 | Pan      | Killed Duimu the pandemonium lord
 99872 | Pan      | Found an exit through the horrors of the Abyss.
100373 | Pan      | Noticed Emueb the pandemonium lord
100381 | Pan      | Killed Emueb the pandemonium lord
100421 | Pan      | Reached skill level 5 in Earth Magic
100497 | Pan      | Found an exit through the horrors of the Abyss.
101020 | Pan      | Lost mutation: Your mind is acute. (Int +2) [a cacodemon]
101023 | Pan      | Gained mutation: Scrolls take you longer to read. [a
                  | cacodemon]
101228 | Pan      | Gained mutation: Your body sometimes deteriorates upon
                  | taking damage. [a cacodemon]
101882 | Pan      | Reached skill level 10 in Earth Magic
102198 | Pan      | Noticed Qydom the pandemonium lord
102207 | Pan      | Killed Qydom the pandemonium lord
102432 | Pan      | Identified the +5 flail of Eluur {vorpal, +Rage rC+ Str+4}
102678 | Pan      | Got a polished cloak
102681 | Pan      | Identified the +2 cloak of the Slightly Bent {rElec Dex+4}
                  | (You found it in Pandemonium)
102729 | Pan      | Found an exit through the horrors of the Abyss.
103047 | Pan      | Reached skill level 1 in Spellcasting
103068 | Pan      | Noticed Zirphana the pandemonium lord
103075 | Pan      | Gained mutation: Your mind is acute. (Int +2) [evolution]
103084 | Pan      | Killed Zirphana the pandemonium lord
103249 | Pan      | Found an exit through the horrors of the Abyss.
103548 | Pan      | Found a transporter.
103570 | Pan      | Gained mutation: You are extremely frail. (-30% HP) [a
                  | cacodemon]
103643 | Pan      | Found a transporter.
103837 | Pan      | Got a bound bronze ring
103842 | Pan      | Identified the cursed ring "Cuuf" {rF+ AC-4 Int+4} (You
                  | found it in Pandemonium)
103848 | Pan      | Identified the Papyrus of the Traveller and the Glacier
103875 | Pan      | Got a faintly glowing lead ring
103891 | Pan      | Identified the ring of Guburosk {rN+ MP+9 Slay+2} (You
                  | found it in Pandemonium)
104133 | Pan      | Found an exit through the horrors of the Abyss.
104637 | Pan      | Reached skill level 5 in Spellcasting
104981 | Pan      | Noticed Kujouroe the pandemonium lord
105003 | Pan      | Killed Kujouroe the pandemonium lord
105387 | Pan      | Noticed Pub Fooph the pandemonium lord
105422 | Pan      | Killed Pub Fooph the pandemonium lord
105422 | Pan      | Reached skill level 15 in Earth Magic
106374 | Pan      | Noticed Calez the pandemonium lord
106386 | Pan      | Killed from afar by a blizzard demon

Illustrated notes

Levels and vault maps discovered:
D:1:      tarquinn_simple_flora_water_e, layout_loops_ring
D:2:      layout_basic, serial_bayou, serial_bayou_lake_a, serial_bayou_pond_d,
          serial_bayou_lagoon_a, serial_bayou_ford_a, serial_bayou_lagoon_b,
          serial_bayou_pond_b, kennysheep_generic_room_5, uniq_robin
D:3:      layout_loops_ring, overflow_temple_1_default, uniq_terence
D:4:      layout_basic, xom_redecorated, old_standard_altar, lemuel_round_altar,
          hangedman_abyss_or_decor_stagger
D:5:      layout_gridville, minmay_temple_entry_grid, minmay_starry_boxes
D:6:      layout_basic, nicolae_overflow_crystal_walls,
          nemelex_xobeh_ov_fountains_minmay
D:7:      layout_loops_cross
D:8:      layout_basic, old_standard_altar, tso_oasis_becter,
          serial_bayou_pond_c, nicolae_ru_sacrificial_ziggurat
D:9:      layout_basic, gammafunk_temple_overflow_claw, david_orc_5,
          minmay_misc_feat_tiny, minmay_misc_feat_iff
D:10:     wander_kiku_kobolds, layout_irregular_city, erik_lair_orcish_takeover,
          minmay_evil_grid, uniq_fannar, uniq_psyche
D:11:     layout_rooms
D:12:     layout_irregular_city, enter_trove_3, minivault_24, uniq_nergalle
D:13:     layout_stronghold, david_vaults_2, basic_altar
D:14:     layout_stronghold, minmay_misc_feat_plants, uniq_rupert
D:15:     hangedman_depths_entry_try_elsewhere_first, layout_cave_pools,
          basic_altar, elyvilon_altar_3
Lair:1:   layout_regular_city, serial_bayou, serial_bayou_shore_b,
          serial_bayou_pond_b, serial_bayou_shore_a, serial_bayou_pond_b,
          serial_bayou_pond_e
Lair:2:   layout_chaotic_city, swamp_mist, serial_bayou_pond_a, tgw_fedhas,
          uniq_urug
Lair:3:   layout_misc_corridors, minmay_snake_entry_guardpost_small,
          nicolae_quartered_pool_super, st_stairs_6, serial_bayou_shore_b,
          grunt_megastairs_4
Lair:4:   layout_hall_layers, beast_lair_carwin_7
Lair:5:   layout_hall_layers, minmay_slime_entry_pillars, basic_altar,
          nicolae_volcano_entry_hallway, lemuel_fruit_fields
Lair:6:   minmay_lair_end_enchanted_forest, layout_concentric_octagons,
          st_stairs_9, grunt_megastairs_5
Swamp:1:  layout_basic_swamp, lemuel_altar_in_water, swamp_pool1
Swamp:2:  layout_basic_swamp, evilmike_swamp_ruin_rubble_1, uniq_kirke
Swamp:3:  layout_falls_marsh, evilmike_swamp_ruin_house_3, swamp_pool3
Swamp:4:  swamp_fiery, layout_basic_swamp, swamp_pool2
Snake:1:  layout_layer_cave, nicolae_snake_lava_pool, minmay_shop_grove,
          uniq_frances
Snake:2:  minmay_snake_river, layout_onion_interference, serial_shops, shop
Snake:3:  layout_misc_corridors, nicolae_snake_single_loop
Snake:4:  snake_pit, layout_layer_cave, ebering_ghost_xom, grunt_ministairs_11
Slime:1:  layout_caves
Slime:2:  layout_caves
Slime:3:  layout_caves
Slime:4:  layout_caves
Slime:5
Orc:1:    layout_diamond_mine, basic_altar
Orc:2:    st_orc_rangers, layout_caves, serial_shops, nicolae_shop_behind_doors
Elf:1:    layout_geoelf_octagon, kennysheep_underground_church
Elf:2:    layout_geoelf_grid, serial_shops, shop
Elf:3:    minmay_elf_hall_furrowed, layout_onion_city
Vaults:1: st_octagons_1, hangedman_vaults_nails, v_misc_9, v_misc_27,
          nicolae_vaults_big_angled_halls, vaults_room_ringed_pool,
          nicolae_vaults_gold_heap, ontoclasm_vaults_pinch,
          hangedman_vaults_slither, vaults_standard_mumra_x,
          vaults_room_grunt_arrival_ludios, v_misc_23,
          ontoclasm_vaults_ligature, ontoclasm_vaults_gateway,
          layout_vaults_omnibox
Vaults:2: ontoclasm_vaults_eye, nicolae_vaults_little_squares_3,
          ontoclasm_vaults_chip, nicolae_vaults_little_squares_1, v_rooms_2,
          vaults_room_corners, nicolae_vaults_border_crossing,
          vaults_room_hangedman_quadrants, hangedman_vaults_cutoff,
          ontoclasm_vaults_twist, nicolae_vaults_little_squares_3,
          layout_vaults_maze_snakey, uniq_asterion
Vaults:3: v_misc_23, v_rooms_1, v_misc_27, v_pattern_4, v_misc_32,
          vaults_dpeg_diagonal, vaults_dpeg_ring, layout_vaults_quadrants,
          blue_anna_dwarven_crypt
Vaults:4: nicolae_vaults_network_periphery, vaults_room_fancy_cross,
          dpeg_vaults_monster_row, v_misc_25, grunt_vaults_funnel,
          dpeg_vaults_monster_box, hangedman_vaults_trim,
          nicolae_vaults_little_ls, nicolae_vaults_rhombus_7,
          vaults_room_grunt_arrival_checkpoint,
          nicolae_vaults_ring_of_whatevers, layout_vaults_big_room
Vaults:5: uniq_mennas, uniq_saint_roka
Crypt:1:  layout_chaotic_city, grunt_crypt_arrival_split
Crypt:2:  layout_basic, columned_hall_lemuel, nicolae_crypt_ancient_font,
          uniq_xtahua
Crypt:3:  grunt_crypt_end_deaths_head, uniq_margery, uniq_boris
Depths:1: layout_basic, hangedman_coc_ice_floe, minmay_orc_keep,
          grunt_megastairs_1
Depths:2: minmay_connected_boxes_in_corner, layout_gridville,
          nicolae_water_bricks, grunt_hell_horde,
          hangedman_abyss_or_decor_passed, kennysheep_generic_room_9,
          minmay_staircase_windowed_small, uniq_bai_suzhen
Depths:3: cheibrodos_birdhouse, layout_cave_shapes, abyss_entry_crystal,
          serial_shops, nicolae_shop_stone, kennysheep_mini_moat,
          kennysheep_little_box, nicolae_shop_stone, shop, nicolae_wwwww,
          rand_demon_pan_entry_8, hell_entry, uniq_jory
Depths:4: kennysheep_gozag_temple, layout_gridville, grunt_hell_entry_dis_mu,
          abyss_entry
Depths:5: evilmike_zot_entry_argh, layout_cave_shapes, enter_ziggurat_e,
          serial_shops, nicolae_shop_window_shopping, hell_entry, abyss_entry,
          lightli_fourway_metalbox, minmay_shoptagon, serial_bayou_shore_b,
          serial_bayou_shore_b, serial_bayou_shore_b, kennysheep_random_hallway,
          uniq_enchantress
Hell
Dis:1:    layout_chaotic_city, hangedman_dis_decor_blocks_talon,
          grunt_megastairs_3
Dis:2:    lemuel_mystery_crypt, layout_regular_city
Dis:3:    layout_overlapping_boxes, grunt_megastairs_2
Dis:4:    layout_gridville
Dis:5:    layout_gridville
Dis:6:    layout_gridville
Dis:7:    dis_grunt_layers
Geh:1:    layout_gehenna_pools_triple
Geh:2:    layout_gehenna_pools_basic
Geh:3:    layout_gehenna_pools_basic, hangedman_hellfire_club
Geh:4:    layout_gehenna_pools_box
Geh:5:    layout_gehenna_lava_caves
Geh:6:    minmay_firetagon, layout_gehenna_pools_basic, lemuel_flamethrower_3
Geh:7:    geh_mu
Coc:1:    layout_ice_bergs, serial_ice, serial_ice_b, serial_ice_e,
          serial_ice_n, serial_ice_m, serial_ice_a
Coc:2:    layout_cocytus_water_paths
Coc:3:    layout_cocytus_water_paths
Coc:4:    layout_ice_bergs
Coc:5:    layout_ice_bergs
Coc:6:    layout_cocytus_water_paths
Coc:7:    coc_old
Tar:1:    layout_grid_maze
Tar:2:    layout_grid_maze
Tar:3:    layout_grid_maze
Tar:4:    layout_honeycomb
Tar:5:    layout_grid_maze
Tar:6:    grunt_deathspiral_small, layout_cathedral_of_symmetry
Tar:7:    tar_minmay_river
Zot:1:    gammafunk_the_bubble [the_bubble_gammafunk_plus_minus],
          layout_cathedral_of_symmetry
Zot:2:    layout_twisted_circle, hangedman_player_shredder, lemuel_elevator
Zot:3:    kennysheep_spiral_hall, layout_gridlike, gammafunk_ghost_grave
Zot:4:    layout_misc_corridors, gammafunk_ghost_crypt
Zot:5:    layout_misc_corridors
Pan:      nicolae_pan_double_arrow, layout_rooms, cerebov_grunt,
          layout_pan_divisions_a [pan_division_quadrant_a3,
          pan_division_quadrant_a3, pan_division_quadrant_a3,
          pan_division_quadrant_a5, pan_division_octagon_empty],
          regret_index_pan_draining_boxed, layout_gridlike,
          evilmike_mini_pan_3x3, layout_irregular_city,
          evilmike_mini_pan_thingy, layout_irregular_city,
          nicolae_pan_performance_anxiety, layout_cellular_growth, rand_demon_3,
          layout_pan_divisions_a [pan_division_quadrant_a4,
          pan_division_quadrant_a6, pan_division_quadrant_a4,
          pan_division_quadrant_a3, pan_division_octagon_rings],
          evilmike_mini_pan_corridor, layout_gridlike,
          nicolae_pan_cerebovesque_1, lom_lobon_spiral_st, layout_small_grid,
          nicolae_pan_double_arrow, layout_small_grid, mnoleg_st,
          layout_long_grid, evilmike_mini_pan_3x3, layout_stronghold,
          grunt_pan_spiral, layout_rooms, pan_blood_fountain_small,
          gloorx_vloq_grunt_torture_chamber, layout_pan_divisions_a
          [pan_division_quadrant_a2, pan_division_quadrant_a2,
          pan_division_quadrant_a2, pan_division_quadrant_a4,
          pan_division_octagon_empty], evilmike_mini_pan_V, layout_basic,
          nicolae_pan_double_arrow, layout_irregular_city,
          evilmike_mini_pan_other_thingy, layout_basic, rand_demon_6,
          layout_cross, gammafunk_its_a_trap, layout_stronghold, rand_demon_9,
          layout_onion_city, pan_blood_fountain_small, grunt_pan_in_and_out,
          layout_pan_divisions_a [pan_division_quadrant_a4,
          pan_division_quadrant_a5, pan_division_quadrant_a2,
          pan_division_quadrant_a4, pan_division_octagon_box],
          evilmike_mini_pan_T, layout_basic, lemuel_hellion_island,
          layout_basic, pan_disco_hall, layout_rooms, rand_demon_1,
          layout_cellular_growth, grunt_pan_zigzag, layout_chambers,
          pan_blood_fountain_small, reaverb_pan_chaos_star,
          evilmike_mini_pan_doors_b, layout_pan_divisions_a
          [pan_division_quadrant_a5, pan_division_quadrant_a3,
          pan_division_quadrant_a5, pan_division_quadrant_a2,
          pan_division_octagon_divided], pan_blood_fountain,
          evilmike_mini_pan_doors_b, layout_gridville, special_room
          [special_room_demon_pit], evilmike_mini_pan_other_thingy,
          layout_gridlike, rand_demon_6, layout_rooms, pan_blood_fountain,
          nicolae_pan_sigil_nadil, nicolae_pan_mnolegish_1, grunt_pan_spiral,
          layout_grid_shapes, evilmike_mini_pan_pillars_b, layout_onion_city,
          pan_blood_fountain_small, grunt_pan_in_and_out, layout_pan_divisions_a
          [pan_division_quadrant_a3, pan_division_quadrant_a1,
          pan_division_quadrant_a3, pan_division_quadrant_a3,
          pan_division_octagon_empty], gammafunk_dig_for_victory,
          layout_pan_divisions_a [pan_division_quadrant_a1,
          pan_division_quadrant_a3, pan_division_quadrant_a6,
          pan_division_quadrant_a3, pan_division_octagon_box],
          nicolae_pan_glass_arcs, layout_grid_shapes,
          evilmike_mini_pan_other_thingy, layout_chambers, pan_blood_fountain,
          nicolae_pan_cerebovesque_1, grunt_pan_frozen_over, layout_gridville

Skill      XL: |  1  2  3  4  5  6  7  8  9 10 11 12 13 14 15 16 17 18 19 20 21 22 23 24 25 26 27 |
---------------+----------------------------------------------------------------------------------+-----
Axes           | 2 3 4 5 6 7 8 9 10 14 17 24 | 24.6
Dodging        | 1 2 3 4 5 6 7 8 9 10 11 12 13 14 15 16 17 24 | 24.7
Armour         | 4 5 6 7 8 9 10 11 12 13 14 16 17 18 19 20 21 27 | 27.0
Fighting       | 4 5 6 7 8 9 10 11 13 14 16 17 18 19 20 21 22 27 | 27.0
Shields        | 4 5 6 7 8 9 10 11 12 13 14 15 17 18 19 20 21 27 | 27.0
Invocations    | 1 2 4 5 6 8 9 10 27 | 27.0
Earth Magic    | 15 | 15.5
Staves         | 17 | 17.9
Spellcasting   | 7 |  7.1

Action                   |  1- 3 |  4- 6 |  7- 9 | 10-12 | 13-15 | 16-18 | 19-21 | 22-24 | 25-27 || total
-------------------------+-------+-------+-------+-------+-------+-------+-------+-------+-------++-------
Melee: War axe           |   143 |   286 |   413 |   465 |   753 |  1360 |  1318 |  1541 |  1168 ||  7447
       Whip              |       |       |       |    60 |    40 |    86 |       |       |       ||   186
       Broad axe         |       |       |       |       |   192 |       |       |       |  6425 ||  6617
       Lajatang          |       |       |       |       |       |       |       |       |   414 ||   414
       Headbutt          |       |       |       |       |       |       |       |       |   253 ||   253
Invok: Heroism           |       |       |       |     2 |     5 |     5 |     2 |     2 |     6 ||    22
       Finesse           |       |       |       |     1 |     1 |     1 |     1 |     1 |     3 ||     8
       Cleansing Flame   |       |       |       |       |       |       |       |       |   112 ||   112
       Summon Divine War |       |       |       |       |       |       |       |       |    70 ||    70
       Divine Shield     |       |       |       |       |       |       |       |       |     3 ||     3
       Brand Weapon With |       |       |       |       |       |       |       |       |     1 ||     1
 Abil: Evoke Flight      |       |       |       |     1 |       |       |       |       |       ||     1
       Fly               |       |       |       |       |     1 |       |       |       |       ||     1
       Evoke Blink       |       |       |       |       |       |     1 |       |       |       ||     1
Evoke: Wand              |       |       |       |    18 |     2 |     6 |       |     4 |    13 ||    43
  Use: Scroll            |       |       |    15 |    10 |    14 |    22 |     7 |     7 |    80 ||   155
       Potion            |       |       |     3 |     2 |     1 |     1 |     5 |       |    54 ||    66
 Stab: Confused          |       |       |       |       |       |     1 |       |       |     3 ||     4
       Invisible         |       |       |       |       |       |       |       |       |     7 ||     7
Armor: Scale mail        |    23 |       |       |       |       |       |       |       |       ||    23
       Plate armour      |   100 |   246 |   270 |   445 |   797 |       |       |       |       ||  1858
       Gold dragon scale |       |       |       |       |     7 |   872 |   474 |   484 |  2272 ||  4109
Dodge: Dodged            |    35 |    56 |   126 |   211 |   469 |   428 |   302 |   299 |  2879 ||  4805
Block: Kite shield       |    89 |   178 |   272 |   366 |   835 |  1335 |  1007 |       |       ||  4082
       Reflection        |       |       |       |       |       |   109 |   138 |    79 |   136 ||   462
       Tower shield      |       |       |       |       |       |       |       |  1655 |  8606 || 10261
       Other             |       |       |       |       |       |       |       |       |    96 ||    96
       Rpst.: Broad axe  |       |       |       |       |       |       |       |       |   217 ||   217
       Lajatang          |       |       |       |       |       |       |       |       |   103 ||   103

Table legend: (Time is in decaauts)
 A = Elapsed time spent in this place.
 B = Non-inter-level travel time spent in this place.
 C = Inter-level travel time spent in this place.
 D = Time resting spent in this place.
 E = Time spent auto-exploring this place.
 F = Levels seen in this place.
 G = Mean time per level.
                   A        B        C        D        E       F      G
               +--------+--------+--------+--------+--------+-----+--------+
         Total | 104129 |  91620 |  12509 |  12421 |  53571 | 126 |  826.4 |
       Dungeon |  19568 |  15151 |   4417 |   1158 |  10267 |  15 | 1304.5 |
          Lair |   9393 |   7998 |   1395 |   1770 |   4770 |   6 | 1565.5 |
         Swamp |   2577 |   2419 |    158 |    137 |   1728 |   4 |  644.2 |
     Snake Pit |   4069 |   3616 |    453 |      0 |   2782 |   4 | 1017.2 |
    Slime Pits |   5613 |   5488 |    125 |   4027 |   1132 |   5 | 1122.6 |
  Orcish Mines |   1388 |    981 |    407 |      0 |    675 |   2 |  694.0 |
   Elven Halls |   3335 |   2841 |    494 |      0 |   1935 |   3 | 1111.7 |
        Vaults |   9238 |   8303 |    935 |   1687 |   4525 |   5 | 1847.6 |
         Crypt |   3318 |   2987 |    331 |    641 |   1488 |   3 | 1106.0 |
        Depths |   8445 |   5655 |   2790 |    269 |   3653 |   5 | 1689.0 |
          Hell |    660 |    649 |     11 |      0 |    187 |   1 |  660.0 |
           Dis |   3605 |   3580 |     25 |    411 |   1954 |   7 |  515.0 |
       Gehenna |   2635 |   2489 |    146 |    761 |    483 |   7 |  376.4 |
       Cocytus |   1578 |   1465 |    113 |      0 |    434 |   7 |  225.4 |
      Tartarus |   2029 |   2029 |      0 |     20 |   1160 |   7 |  289.9 |
           Zot |   6693 |   5989 |    704 |    715 |   3517 |   5 | 1338.6 |
         Abyss |    551 |    551 |      0 |     25 |    153 |   3 |  183.7 |
   Pandemonium |  19427 |  19427 |      0 |    798 |  12725 |  37 |  525.1 |
               +--------+--------+--------+--------+--------+-----+--------+

Top non-repeatable levels by time:
 Slime:2: 3862 daAuts
Vaults:4: 2772 daAuts
   Dis:7: 2490 daAuts
  Lair:1: 2276 daAuts
Depths:1: 2199 daAuts
  Lair:3: 2184 daAuts
    D:10: 2106 daAuts
   Zot:2: 2041 daAuts
Depths:5: 1964 daAuts
    D:14: 1948 daAuts
     D:9: 1883 daAuts
Vaults:3: 1864 daAuts
   Geh:7: 1836 daAuts
Depths:3: 1791 daAuts
Vaults:5: 1648 daAuts
